Workbook
Name column_headings: 'TAB41'!$3:$5
Name column_headings: 'TAB42'!$3:$5
Name column_numbers: 'TAB41'!$B$6:$P$6
Name column_numbers: 'TAB42'!$B$6:$G$6
Name data: 'TAB41'!$B$7:$P$84
Name data: 'TAB42'!$B$7:$G$55
Name footnotes: #REF!
Name footnotes: #REF!
Name footnotes: #REF!
Name footnotes: #REF!
Name footnotes: #REF!
Name footnotes: 'TAB41'!#REF!
Name footnotes: 'TAB42'!#REF!
Name Indent0: #REF!,#REF!
Name Indent0: #REF!,#REF!
Name Indent0: #REF!,#REF!
Name Indent0: #REF!,#REF!
Name Indent0: #REF!,#REF!
Name Indent0: 'TAB41'!$A$7,'TAB41'!#REF!
Name Indent0: 'TAB42'!$A$7,'TAB42'!#REF!
Name Indent3: #REF!,#REF!,#REF!,#REF!,#REF!,#REF!,#REF!
Name Indent3: #REF!,#REF!,#REF!,#REF!,#REF!,#REF!,#REF!
Name Indent3: #REF!,#REF!,#REF!,#REF!,#REF!,#REF!,#REF!
Name Indent3: #REF!,#REF!,#REF!,#REF!,#REF!,#REF!,#REF!
Name Indent3: #REF!,#REF!,#REF!,#REF!,#REF!,#REF!,#REF!
Name Indent3: 'TAB41'!#REF!,'TAB41'!#REF!,'TAB41'!#REF!,'TAB41'!#REF!,'TAB41'!#REF!,'TAB41'!#REF!,'TAB41'!$A$61
Name Indent3: 'TAB42'!#REF!,'TAB42'!#REF!,'TAB42'!#REF!,'TAB42'!#REF!,'TAB42'!#REF!,'TAB42'!#REF!,'TAB42'!$A$55
Name Indent6: #REF!,#REF!,#REF!,#REF!,#REF!,#REF!,#REF!,#REF!,#REF!,#REF!,#REF!,#REF!,#REF!,#REF!,#REF!,#REF!,#REF!,#REF!
Name Indent6: #REF!,#REF!,#REF!,#REF!,#REF!,#REF!,#REF!,#REF!,#REF!,#REF!,#REF!,#REF!,#REF!,#REF!,#REF!,#REF!,#REF!,#REF!
Name Indent6: #REF!,#REF!,#REF!,#REF!,#REF!,#REF!,#REF!,#REF!,#REF!,#REF!,#REF!,#REF!,#REF!,#REF!,#REF!,#REF!,#REF!,#REF!
Name Indent6: #REF!,#REF!,#REF!,#REF!,#REF!,#REF!,#REF!,#REF!,#REF!,#REF!,#REF!,#REF!,#REF!,#REF!,#REF!,#REF!,#REF!,#REF!
Name Indent6: #REF!,#REF!,#REF!,#REF!,#REF!,#REF!,#REF!,#REF!,#REF!,#REF!,#REF!,#REF!,#REF!,#REF!,#REF!,#REF!,#REF!,#REF!
Name Indent9: #REF!,#REF!,#REF!,#REF!,#REF!,#REF!,#REF!,#REF!,#REF!,#REF!,#REF!,#REF!
Name Indent9: #REF!,#REF!,#REF!,#REF!,#REF!,#REF!,#REF!,#REF!,#REF!,#REF!,#REF!,#REF!
Name Indent9: #REF!,#REF!,#REF!,#REF!,#REF!,#REF!,#REF!,#REF!,#REF!,#REF!,#REF!,#REF!
Name Indent9: #REF!,#REF!,#REF!,#REF!,#REF!,#REF!,#REF!,#REF!,#REF!,#REF!,#REF!,#REF!
Name Indent9: #REF!,#REF!,#REF!,#REF!,#REF!,#REF!,#REF!,#REF!,#REF!,#REF!,#REF!,#REF!
Name Indent9: 'TAB41'!#REF!,'TAB41'!#REF!,'TAB41'!#REF!,'TAB41'!#REF!,'TAB41'!#REF!,'TAB41'!#REF!,'TAB41'!#REF!,'TAB41'!#REF!,'TAB41'!#REF!,'TAB41'!#REF!,'TAB41'!#REF!,'TAB41'!#REF!
Name Indent9: 'TAB42'!#REF!,'TAB42'!#REF!,'TAB42'!#REF!,'TAB42'!#REF!,'TAB42'!#REF!,'TAB42'!#REF!,'TAB42'!#REF!,'TAB42'!#REF!,'TAB42'!#REF!,'TAB42'!#REF!,'TAB42'!#REF!,'TAB42'!#REF!
Name spanners: #REF!
Name spanners: #REF!
Name spanners: #REF!
Name spanners: #REF!
Name spanners: #REF!
Name spanners: 'TAB41'!#REF!
Name spanners: 'TAB42'!#REF!
Name stub_lines: 'TAB41'!$A$6:$A$84
Name stub_lines: 'TAB42'!$A$6:$A$55
Name titles: 'TAB41'!$A$1:$A$2
Name titles: 'TAB42'!$A$1:$A$2
Name totals: #REF!,#REF!,#REF!
Name totals: #REF!,#REF!,#REF!
Name totals: #REF!,#REF!,#REF!
Name totals: #REF!,#REF!,#REF!
Name totals: #REF!,#REF!,#REF!
Name totals: 'TAB41'!#REF!,'TAB41'!#REF!,'TAB41'!$61:$61
Name totals: 'TAB42'!#REF!,'TAB42'!#REF!,'TAB42'!$55:$55

Sheet Analysis of IRS Data
A1: Analysis of IRS Data
A2: 2023 - Impact of Change in Share of U.S. Income
A4: All Tax Returns ($ in billions)
C5: Total | D5: Top 0.1% | E5: Next 0.9% | F5: Next 4% | G5: Next 5% | H5: Next 15% | I5: Next 25% | J5: Bottom 50% | L5: Top 1% | M5: Top 10% | N5: Bottom 90%
A7: Total 1980 Income (CPI adjusted) | C7: =Table3!S4 -> 6003.495 | D7: =$C7*D8 -> 221.48658 | E7: =$C7*E8 -> 287.72197 | F7: =$C7*F8 -> 752.74308 | G7: =$C7*G8 -> 667.87499 | H7: =$C7*H8 -> 1475.9668 | I7: =$C7*I8 -> 1538.6954 | J7: =$C7*J8 -> 1062.6961 | L7: =$C7*L8 -> 509.20855 | M7: =$C7*M8 -> 1929.8266 | N7: =$C7*N8 -> 4073.6684
A8: Share % | D8: =Table3!C3/Table3!B3 -> 0.03689294 | E8: =(Table3!E3-Table3!C3)/Table3!B3 -> 0.047925745 | F8: =Table3!F3/Table3!B3 -> 0.12538414 | G8: =Table3!H3/Table3!B3 -> 0.1112477 | H8: =Table3!J3/Table3!B3 -> 0.24585126 | I8: =Table3!L3/Table3!B3 -> 0.25629994 | J8: =Table3!N3/Table3!B3 -> 0.17701291 | L8: =Table3!E3/Table3!B3 -> 0.084818685 | M8: =Table3!I3/Table3!B3 -> 0.32145052 | N8: =100%-M8 -> 0.67854948
A10: Total 2023 Income | C10: =Table3!B46 -> 15196.869 | D10: =Table3!C46 -> 1528.349 | E10: =L10-D10 -> 1606.28 | F10: =Table3!F46 -> 2400.007 | G10: =Table3!H46 -> 1699.266 | H10: =Table3!J46 -> 3179.379 | I10: =Table3!L46 -> 2910.582 | J10: =Table3!N46 -> 1873.007 | L10: =Table3!E46 -> 3134.629 | M10: =Table3!I46 -> 7233.902 | N10: =C10-M10 -> 7962.967
A11: Share % | D11: =D10/$C10 -> 0.10056999 | E11: =E10/$C10 -> 0.10569809 | F11: =F10/$C10 -> 0.15792773 | G11: =G10/$C10 -> 0.11181685 | H11: =H10/$C10 -> 0.20921277 | I11: =I10/$C10 -> 0.19152511 | J11: =J10/$C10 -> 0.12324953 | L11: =L10/$C10 -> 0.20626808 | M11: =M10/$C10 -> 0.47601266 | N11: =N10/$C10 -> 0.52398734
A13: Total 2023 - without Shareholder Capitalism * | C13: =C10 -> 15196.869 | D13: =$C13*D8 -> 560.65718 | E13: =$C13*E8 -> 728.32126 | F13: =$C13*F8 -> 1905.4464 | G13: =$C13*G8 -> 1690.6166 | H13: =$C13*H8 -> 3736.1694 | I13: =$C13*I8 -> 3894.9566 | J13: =$C13*J8 -> 2690.042 | L13: =$C13*L8 -> 1288.9784 | M13: =$C13*M8 -> 4885.0415 | N13: =$C13*N8 -> 10311.828
A14: Difference to Actual 2023 Income Shares ** | D14: =D13-D10 -> -967.69182 | E14: =E13-E10 -> -877.95874 | F14: =F13-F10 -> -494.56061 | G14: =G13-G10 -> -8.6493503 | H14: =H13-H10 -> 556.79039 | I14: =I13-I10 -> 984.37459 | J14: =J13-J10 -> 817.03496 | L14: =L13-L10 -> -1845.6506 | M14: =M13-M10 -> -2348.8605 | N14: =N13-N10 -> 2348.8605
A17: Per Tax Return
C18: Total | D18: Top 0.1% | E18: Next 0.9% | F18: Next 4% | G18: Next 5% | H18: Next 15% | I18: Next 25% | J18: Bottom 50% | L18: Top 1% | M18: Top 10% | N18: Bottom 90%
A20: 1980 - Number of Returns | C20: 94454000 | D20: =$C20*0.1% -> 94454 | E20: =L20-D20 -> 850086 | F20: =$C20*4% -> 3778160 | G20: =$C20*5% -> 4722700 | H20: =$C20*15% -> 14168100 | I20: =$C20*25% -> 23613500 | J20: =$C20*50% -> 47227000 | L20: =$C20*1% -> 944540 | M20: =$C20*10% -> 9445400 | N20: =C20-M20 -> 85008600
A21: 1980 - Average Income per Return (CPI Adj) | C21: =(C7*1000000000)/C20 -> 63559.987 | D21: =(D7*1000000000)/D20 -> 2344914.8 | E21: =(E7*1000000000)/E20 -> 338462.19 | F21: =(F7*1000000000)/F20 -> 199235.36 | G21: =(G7*1000000000)/G20 -> 141418.04 | H21: =(H7*1000000000)/H20 -> 104175.35 | I21: =(I7*1000000000)/I20 -> 65161.683 | J21: =(J7*1000000000)/J20 -> 22501.876 | L21: =(L7*1000000000)/L20 -> 539107.45 | M21: =(M7*1000000000)/M20 -> 204313.91 | N21: =(N7*1000000000)/N20 -> 47920.662
A23: 2023 - Number of Returns | C23: =Table2!B48*1000 -> 153076443 | D23: =Table2!C48*1000 -> 153076 | E23: =L23-D23 -> 1377688 | F23: =Table2!E48*1000 -> 6123058 | G23: =Table2!G48*1000 -> 7653822 | H23: =Table2!I48*1000 -> 22961467 | I23: =Table2!K48*1000 -> 38269111 | J23: =Table2!M48*1000 -> 76538222 | L23: =Table2!D48*1000 -> 1530764 | M23: =Table2!H48*1000 -> 15307644 | N23: =C23-M23 -> 137768799
A24: 2023 - Average Income per Return - Actual | C24: =(C10*1000000000)/C23 -> 99276.34 | D24: =(D10*1000000000)/D23 -> 9984249.7 | E24: =(E10*1000000000)/E23 -> 1165924.4 | F24: =(F10*1000000000)/F23 -> 391962.15 | G24: =(G10*1000000000)/G23 -> 222015.35 | H24: =(H10*1000000000)/H23 -> 138465.85 | I24: =(I10*1000000000)/I23 -> 76055.647 | J24: =(J10*1000000000)/J23 -> 24471.525 | L24: =(L10*1000000000)/L23 -> 2047754.6 | M24: =(M10*1000000000)/M23 -> 472567.95 | N24: =(N10*1000000000)/N23 -> 57799.495
A25: Percent Increase from 1980 to 2023 | C25: =(C24-C21)/C21 -> 0.5619314 | D25: =(D24-D21)/D21 -> 3.2578304 | E25: =(E24-E21)/E21 -> 2.4447699 | F25: =(F24-F21)/F21 -> 0.96733224 | G25: =(G24-G21)/G21 -> 0.56992241 | H25: =(H24-H21)/H21 -> 0.3291613 | I25: =(I24-I21)/I21 -> 0.16718358 | J25: =(J24-J21)/J21 -> 0.087532635 | L25: =(L24-L21)/L21 -> 2.7984164 | M25: =(M24-M21)/M21 -> 1.3129504 | N25: =(N24-N21)/N21 -> 0.20614975
A27: 2023 - without Shareholder Capitalism * | C27: =C24 -> 99276.34 | D27: =($C13*D8*1000000000)/D23 -> 3662606.7 | E27: =($C13*E8*1000000000)/E23 -> 528654.72 | F27: =($C13*F8*1000000000)/F23 -> 311191.96 | G27: =($C13*G8*1000000000)/G23 -> 220885.28 | H27: =($C13*H8*1000000000)/H23 -> 162714.75 | I27: =($C13*I8*1000000000)/I23 -> 101778.08 | J27: =($C13*J8*1000000000)/J23 -> 35146.387 | L27: =($C13*L8*1000000000)/L23 -> 842049.09 | M27: =($C13*M8*1000000000)/M23 -> 319124.32 | N27: =($C13*N8*1000000000)/N23 -> 74848.787
A28: Percent Increase from 1980 to 2023 | C28: =C25 -> 0.5619314 | D28: =(D27-D21)/D21 -> 0.56193592 | E28: =(E27-E21)/E21 -> 0.56193138 | F28: =(F27-F21)/F21 -> 0.56193133 | G28: =(G27-G21)/G21 -> 0.56193143 | H28: =(H27-H21)/H21 -> 0.56193136 | I28: =(I27-I21)/I21 -> 0.56193139 | J28: =(J27-J21)/J21 -> 0.56193139 | L28: =(L27-L21)/L21 -> 0.56193184 | M28: =(M27-M21)/M21 -> 0.56193143 | N28: =(N27-N21)/N21 -> 0.56193139
A30: 2023 - Change in Average Income per Return | D30: =D27-D24 -> -6321643 | E30: =E27-E24 -> -637269.64 | F30: =F27-F24 -> -80770.199 | G30: =G27-G24 -> -1130.0694 | H30: =H27-H24 -> 24248.903 | I30: =I27-I24 -> 25722.432 | J30: =J27-J24 -> 10674.862 | L30: =L27-L24 -> -1205705.5 | M30: =M27-M24 -> -153443.63 | N30: =N27-N24 -> 17049.292
A31: Percentage Change | D31: =D30/D24 -> -0.63316155 | E31: =E30/E24 -> -0.54657889 | F31: =F30/F24 -> -0.20606632 | G31: =G30/G24 -> -0.0050900508 | H31: =H30/H24 -> 0.17512552 | I31: =I30/I24 -> 0.33820541 | J31: =J30/J24 -> 0.43621565 | L31: =L30/L24 -> -0.58879394 | M31: =M30/M24 -> -0.32470173 | N31: =N30/N24 -> 0.29497303
A33: Threshold Income per Return - 2023 Actuals *** | D33: 2000000 | E33: =Table1!B11 -> 675602 | F33: =Table1!C11 -> 272209 | G33: =Table1!D11 -> 187608 | H33: =Table1!E11 -> 105604 | I33: =Table1!F11 -> 53801 | J33: na | L33: =Table1!B11 -> 675602 | M33: =Table1!D11 -> 187608 | N33: na
B35: * The Total 2023 without Shareholder Capitalism amounts by group were calculated by using the Total 2023 Income and allocating it to each group by the Total 1980 Income share percentage. The Per Tax Return amounts were calculated by dividing the reallocated income by group by the 2023 - Number of Returns in that group.
B37: ** The Difference to Actual 2023 Income Shares reflects the impact of Shareholder Capitalism on amount of income allocated to each group of Americans. The 90% of Americans would have had $2.3 trillion of additional income without Shareholder Capitalism. The cumulative additional income without Shareholder Capitalism on the period from 1981 through 2023 would have been $53.5 trillion.
B39: *** The $2,000,000 threshold amount for the Top 0.1% is an estimate
A41: The data and calculations used in the above, the attached Pie Chart and Appendix A worksheets, and narrative of the book Informed Citizens for a Successful America are from the IRS Statistics of Income Data Tables that are located in this file which were obtained from the Tax Foundation website:
B42: www.taxfoundation.org/publications/latest-federal-income-tax-data/

Sheet Pie Chart - Actual
A10: Actual Share of US Pre-tax Income
B11: 1980
A12: 0.9 | B12: ='Analysis of IRS Data'!N8 -> 0.67854948
A13: Top 10% | B13: ='Analysis of IRS Data'!M8 -> 0.32145052
A14: Total | B14: =SUM(B12:B13) -> 1
A16: Actual Share of US Pre-tax Income
B17: 2023
A18: 0.9 | B18: ='Analysis of IRS Data'!N11 -> 0.52398734
A19: Top 10% | B19: ='Analysis of IRS Data'!M11 -> 0.47601266
A20: Total | B20: =SUM(B18:B19) -> 1
A31: Note: See the Analysis of IRS Data tab for the data and calculation of the Actual 1980 and 2023 Share of US Pre-tax Income split reflected above.

Sheet Pie Chart - Projection
A10: Actual Share of US Pre-tax Income
B11: 2023
A12: 0.9 | B12: ='Analysis of IRS Data'!N11 -> 0.52398734
A13: Top 10% | B13: ='Analysis of IRS Data'!M11 -> 0.47601266
A14: Total | B14: =SUM(B12:B13) -> 1
A17: Projected Share of US Pre-tax Income
B18: 2040
A19: 0.9 | B19: 0.42
A20: Top 10% | B20: 0.58
A21: Total | B21: =SUM(B19:B20) -> 1
A31: Note: See the Analysis of IRS Data tab for the data and calculation of the Actual Share of US Pre-tax Income split reflected above. The Projected Share of US Pre-tax Income split is estimated is based on the anticipated continuation of the current trend of the benefits of increasing technology based productivity improvements (e.g., artificial intelligence, robotics, etc.) going to the Top 10%

Sheet Appendix A
F1: Appendix A
A3: Income Sharing without Shareholder Capitalism
E5: Average Income per Tax Return
D6: Multiple of Top 10% to 90% | E6: Top 10% | F6: 0.9
B10: 1980 Actual, adjusted for inflation | D10: =E10/F10 -> 4.263587 | E10: ='Analysis of IRS Data'!M21 -> 204313.91 | F10: ='Analysis of IRS Data'!N21 -> 47920.662
B12: 2023 Actual | D12: =E12/F12 -> 8.1759876 | E12: ='Analysis of IRS Data'!M24 -> 472567.95 | F12: ='Analysis of IRS Data'!N24 -> 57799.495
B14: 2023 Without Shareholder Capitalism | D14: =E14/F14 -> 4.263587 | E14: ='Analysis of IRS Data'!M27 -> 319124.32 | F14: ='Analysis of IRS Data'!N27 -> 74848.787
C16: Average Increase for the 90% * | F16: =(F14-F12)/F12 -> 0.29497303
B19: * The 29% increase is in adjusted gross income, average after-tax income increase is 26%
A23: Economic Performance and Fairness
C25: Perspective of the top 10%: $57,799 average income should be sufficient for the 90%
C27: Perspective of the 90%: $319,124 average income should be sufficient for the top 10%
C29: 90% Perspective is Better Because:
C30: 1. 1980 was a more efficient and higher performing economy than 2023
C31: 2. An equal sharing of income increases is fair in an efficient economy
B35: Note: For details, comments, notes, sources and calculations, see Appendix A - Detail

Sheet Appendix A - Detail
L1: Appendix A - Detail
A3: Income Sharing without Shareholder Capitalism
E5: Average Income per Tax Return
F6: Top 10% | J6: 0.9
E7: Total | F7: Top 0.1% | G7: Next 0.9% | H7: Next 4% | I7: Next 5% | J7: Next 15% | K7: Next 25% | L7: Bottom 50%
A9: 1980 Actual, adjusted for inflation | E9: ='Analysis of IRS Data'!C21 -> 63559.987 | F9: ='Analysis of IRS Data'!D21 -> 2344914.8 | G9: ='Analysis of IRS Data'!E21 -> 338462.19 | H9: ='Analysis of IRS Data'!F21 -> 199235.36 | I9: ='Analysis of IRS Data'!G21 -> 141418.04 | J9: ='Analysis of IRS Data'!H21 -> 104175.35 | K9: ='Analysis of IRS Data'!I21 -> 65161.683 | L9: ='Analysis of IRS Data'!J21 -> 22501.876
A11: 2023 Actual | E11: ='Analysis of IRS Data'!C24 -> 99276.34 | F11: ='Analysis of IRS Data'!D24 -> 9984249.7 | G11: ='Analysis of IRS Data'!E24 -> 1165924.4 | H11: ='Analysis of IRS Data'!F24 -> 391962.15 | I11: ='Analysis of IRS Data'!G24 -> 222015.35 | J11: ='Analysis of IRS Data'!H24 -> 138465.85 | K11: ='Analysis of IRS Data'!I24 -> 76055.647 | L11: ='Analysis of IRS Data'!J24 -> 24471.525
A13: 2023 without Shareholder Capitalism | E13: ='Analysis of IRS Data'!C27 -> 99276.34 | F13: ='Analysis of IRS Data'!D27 -> 3662606.7 | G13: ='Analysis of IRS Data'!E27 -> 528654.72 | H13: ='Analysis of IRS Data'!F27 -> 311191.96 | I13: ='Analysis of IRS Data'!G27 -> 220885.28 | J13: ='Analysis of IRS Data'!H27 -> 162714.75 | K13: ='Analysis of IRS Data'!I27 -> 101778.08 | L13: ='Analysis of IRS Data'!J27 -> 35146.387
B15: Average Increase for the 90% | J15: =(J13-J11)/J11 -> 0.17512552 | K15: =(K13-K11)/K11 -> 0.33820541 | L15: =(L13-L11)/L11 -> 0.43621565
A18: Comments:
B19: 1980 Actual distribution reflects the fair income sharing and economically efficient results of an actual GINI Index of 35
B21: 2023 Actual distribution reflects the unfair income sharing and economically inefficient results of an actual GINI Index of 42
B23: 2023 without Shareholder Capitalism reflects income sharing as if a GINI Index of 35 had been maintained, but does reflect the benefit of the efficient economy that would have resulted from maintaining a GINI Index of 35. If maintained, total income would be higher today.
A25: Note: An Excel file with worksheets reflecting all data sources and calculations for the income and after-tax income information presented above, in the pie charts and narrative of the Informed Citizens for a Successful America book, and in Appendix A, is available at:
C26: www.informedcitizens.com/data

Sheet Table1
A1: Table 1. Summary of Federal Income Tax Data, Tax Year 2023
B3: Top 1% | C3: Top 5% | D3: Top 10% | E3: Top 25% | F3: Top 50% | G3: Bottom 50% | H3: All Taxpayers
A4: Number of Returns | B4: 1530764 | C4: 7653822 | D4: 15307644 | E4: 38269111 | F4: 76538222 | G4: 76538222 | H4: 153076443
A5: Average Tax Rate | B5: 0.26268212 | C5: 0.2297488 | D5: 0.20911591 | E5: 0.1777362 | F5: 0.15569816 | G5: 0.037325541 | H5: 0.14110874
A6: Average Income Taxes Paid | B6: 537908.52 | C6: 166136.08 | D6: 98821.478 | E6: 48363.209 | F6: 27104.118 | G6: 913.41291 | H6: 14008.759
A7: Adjusted Gross Income ($ millions) | B7: 3134629 | C7: 5534636 | D7: 7233902 | E7: 10413281 | F7: 13323863 | G7: 1873007 | H7: 15196869
A8: Share of Total Adjusted Gross Income | B8: 0.20626808 | C8: 0.36419581 | D8: 0.47601266 | E8: 0.68522542 | F8: 0.87675053 | G8: 0.12324953
A9: Income Taxes Paid ($ millions) | B9: 823411 | C9: 1271576 | D9: 1512724 | E9: 1850817 | F9: 2074501 | G9: 69911 | H9: 2144411
A10: Share of Total Income Taxes Paid | B10: 0.38398003 | C10: 0.59297215 | D10: 0.70542634 | E10: 0.86308875 | F10: 0.96739897 | G10: 0.032601493
A11: Income Split Point | B11: 675602 | C11: 272209 | D11: 187608 | E11: 105604 | F11: 53801 | G11: 53801
A13: Note: Table does not include dependent filers. "Income split point" is the minimum AGI for tax returns to fall into each percentile. Total income tax was the sum of income tax after credits (including the subtraction of net premium tax credit repayment, the earned income credit, American opportunity credit, health coverage tax credit, recovery rebate, qualified sick and family leave credit, additional child tax credit, and the regulated investment credit) limited to zero plus net investment income tax from Form 8960 and the tax from Form 4970, Tax on Accumulation Distribution of Trusts. It does not include any refundable portions of the credits.
A14: Source: IRS, "SOI tax stats - Individual statistical tables by tax rate and income percentile," https://www.irs.gov/statistics/soi-tax-stats-individual-statistical-tables-by-tax-rate-and-income-percentile.

Sheet Table2
A1: Table 2. Number of Federal Individual Income Tax Returns Filed 1980–2023 (Thousands)
A3: Year | B3: Total | C3: Top 0.1% | D3: Top 1% | E3: Between 1% & 5% | F3: Top 5% | G3: Between 5% and 10% | H3: Top 10% | I3: Between 10% and 25% | J3: Top 25% | K3: Between 25% and 50% | L3: Top 50% | M3: Bottom 50%
A4: 1981 | B4: 94587 | D4: 946 | E4: 3783 | F4: 4729 | G4: 4729 | H4: 9459 | I4: 14188 | J4: 23647 | K4: 23647 | L4: 47293 | M4: 47293
A5: 1982 | B5: 94426 | D5: 944 | E5: 3777 | F5: 4721 | G5: 4721 | H5: 9443 | I5: 14164 | J5: 23607 | K5: 23607 | L5: 47213 | M5: 47213
A6: 1983 | B6: 95331 | D6: 953 | E6: 3814 | F6: 4767 | G6: 4767 | H6: 9533 | I6: 14300 | J6: 23833 | K6: 23833 | L6: 47665 | M6: 47665
A7: 1984 | B7: 98436 | D7: 984 | E7: 3938 | F7: 4922 | G7: 4922 | H7: 9844 | I7: 14765 | J7: 24609 | K7: 24609 | L7: 49218 | M7: 49219
A8: 1985 | B8: 100625 | D8: 1006 | E8: 4025 | F8: 5031 | G8: 5031 | H8: 10063 | I8: 15094 | J8: 25156 | K8: 25156 | L8: 50313 | M8: 50313
A9: 1986 | B9: 102088 | D9: 1021 | E9: 4083 | F9: 5104 | G9: 5104 | H9: 10209 | I9: 15313 | J9: 25522 | K9: 25522 | L9: 51044 | M9: 51044
A10: The Tax Reform Act of 1986 changed the definition of AGI, so data above and below this line is not strictly comparable.
A11: 1987 | B11: 106155 | D11: 1062 | E11: 4246 | F11: 5308 | G11: 5308 | H11: 10615 | I11: 15923 | J11: 26539 | K11: 26539 | L11: 53077 | M11: 53077
A12: 1988 | B12: 108873 | D12: 1089 | E12: 4355 | F12: 5444 | G12: 5444 | H12: 10887 | I12: 16331 | J12: 27218 | K12: 27218 | L12: 54436 | M12: 54436
A13: 1989 | B13: 111313 | D13: 1113 | E13: 4453 | F13: 5566 | G13: 5566 | H13: 11131 | I13: 16697 | J13: 27828 | K13: 27828 | L13: 55656 | M13: 55656
A14: 1990 | B14: 112812 | D14: 1128 | E14: 4513 | F14: 5641 | G14: 5641 | H14: 11281 | I14: 16922 | J14: 28203 | K14: 28203 | L14: 56406 | M14: 56406
A15: 1991 | B15: 113804 | D15: 1138 | E15: 4552 | F15: 5690 | G15: 5690 | H15: 11380 | I15: 17071 | J15: 28451 | K15: 28451 | L15: 56902 | M15: 56902
A16: 1992 | B16: 112653 | D16: 1127 | E16: 4506 | F16: 5633 | G16: 5633 | H16: 11265 | I16: 16898 | J16: 28163 | K16: 28163 | L16: 56326 | M16: 56326
A17: 1993 | B17: 113681 | D17: 1137 | E17: 4547 | F17: 5684 | G17: 5684 | H17: 11368 | I17: 17052 | J17: 28420 | K17: 28420 | L17: 56841 | M17: 56841
A18: 1994 | B18: 114990 | D18: 1150 | E18: 4599 | F18: 5749 | G18: 5749 | H18: 11499 | I18: 17248 | J18: 28747 | K18: 28747 | L18: 57495 | M18: 57495
A19: 1995 | B19: 117274 | D19: 1173 | E19: 4691 | F19: 5864 | G19: 5864 | H19: 11727 | I19: 17591 | J19: 29319 | K19: 29319 | L19: 58637 | M19: 58637
A20: 1996 | B20: 119442 | D20: 1194 | E20: 4778 | F20: 5972 | G20: 5972 | H20: 11944 | I20: 17916 | J20: 29860 | K20: 29860 | L20: 59721 | M20: 59721
A21: 1997 | B21: 121503 | D21: 1215 | E21: 4860 | F21: 6075 | G21: 6075 | H21: 12150 | I21: 18225 | J21: 30376 | K21: 30376 | L21: 60752 | M21: 60752
A22: 1998 | B22: 123776 | D22: 1238 | E22: 4951 | F22: 6189 | G22: 6189 | H22: 12378 | I22: 18566 | J22: 30944 | K22: 30944 | L22: 61888 | M22: 61888
... A24: 2000 | B24: 128227 | D24: 1282 | E24: 5129 | F24: 6411 | G24: 6411 | H24: 12823 | I24: 19234 | J24: 32057 | K24: 32057 | L24: 64114 | M24: 64114
A25: The IRS changed methodology, so data above and below this line is not strictly comparable.
A26: 2001 | B26: 119371 | C26: 119 | D26: 1194 | E26: 4775 | F26: 5969 | G26: 5969 | H26: 11937 | I26: 17906 | J26: 29843 | K26: 29843 | L26: 59685 | M26: 59685
A27: 2002 | B27: 119851 | C27: 120 | D27: 1199 | E27: 4794 | F27: 5993 | G27: 5993 | H27: 11985 | I27: 17978 | J27: 29963 | K27: 29963 | L27: 59925 | M27: 59925
A28: 2003 | B28: 120759 | C28: 121 | D28: 1208 | E28: 4830 | F28: 6038 | G28: 6038 | H28: 12076 | I28: 18114 | J28: 30190 | K28: 30190 | L28: 60379 | M28: 60379
A29: 2004 | B29: 122510 | C29: 123 | D29: 1225 | E29: 4900 | F29: 6125 | G29: 6125 | H29: 12251 | I29: 18376 | J29: 30627 | K29: 30627 | L29: 61255 | M29: 61255
A30: 2005 | B30: 124673 | C30: 125 | D30: 1247 | E30: 4987 | F30: 6234 | G30: 6234 | H30: 12467 | I30: 18701 | J30: 31168 | K30: 31168 | L30: 62337 | M30: 62337
A31: 2006 | B31: 128441 | C31: 128 | D31: 1284 | E31: 5138 | F31: 6422 | G31: 6422 | H31: 12844 | I31: 19266 | J31: 32110 | K31: 32110 | L31: 64221 | M31: 64221
A32: 2007 | B32: 132655 | C32: 133 | D32: 1327 | E32: 5306 | F32: 6633 | G32: 6633 | H32: 13265 | I32: 19898 | J32: 33164 | K32: 33164 | L32: 66327 | M32: 66327
A33: 2008 | B33: 132892 | C33: 133 | D33: 1329 | E33: 5316 | F33: 6645 | G33: 6645 | H33: 13289 | I33: 19934 | J33: 33223 | K33: 33223 | L33: 66446 | M33: 66446
A34: 2009 | B34: 132620 | C34: 133 | D34: 1326 | E34: 5305 | F34: 6631 | G34: 6631 | H34: 13262 | I34: 19893 | J34: 33155 | K34: 33155 | L34: 66310 | M34: 66310
A35: 2010 | B35: 135033 | C35: 135 | D35: 1350 | E35: 5402 | F35: 6752 | G35: 6752 | H35: 13503 | I35: 20255 | J35: 33758 | K35: 33758 | L35: 67517 | M35: 67517
A36: 2011 | B36: 136586 | C36: 137 | D36: 1366 | E36: 5463 | F36: 6829 | G36: 6829 | H36: 13659 | I36: 20488 | J36: 34146 | K36: 34146 | L36: 68293 | M36: 68293
A37: 2012 | B37: 136080 | C37: 136 | D37: 1361 | E37: 5443 | F37: 6804 | G37: 6804 | H37: 13608 | I37: 20412 | J37: 34020 | K37: 34020 | L37: 68040 | M37: 68040
... A47: 2022 | B47: 153801.4 | C47: 153.801 | D47: 1538.014 | E47: 6152.056 | F47: 7690.07 | G47: 7690.07 | H47: 15380.14 | I47: 23070.209 | J47: 38450.349 | K47: 38450.35 | L47: 76900.699 | M47: 76900.699
A48: 2023 | B48: 153076.44 | C48: 153.076 | D48: 1530.764 | E48: =F48-D48 -> 6123.058 | F48: 7653.822 | G48: =H48-F48 -> 7653.822 | H48: 15307.644 | I48: =J48-H48 -> 22961.467 | J48: 38269.111 | K48: =L48-J48 -> 38269.111 | L48: 76538.222 | M48: 76538.222
A50: Source: IRS, "SOI tax stats - Individual statistical tables by tax rate and income percentile," https://www.irs.gov/statistics/soi-tax-stats-individual-statistical-tables-by-tax-rate-and-income-percentile.

Sheet Table3
A1: Table 3. Adjusted Gross Income of Taxpayers in Various Income Brackets, 1980–2023 ($Billions)
A2: Year | B2: Total | C2: Top 0.1% | D2: Trend Fill 1980-2000 | E2: Top 1% | F2: Between 1% & 5% | G2: Top 5% | H2: Between 5% & 10% | I2: Top 10% | J2: Between 10% & 25% | K2: Top 25% | L2: Between 25% & 50% | M2: Top 50% | N2: Bottom 50% | O2: Top 1% Share of Income | P2: Top 10% Share of Income | Q2: Bottom 90% Share of Income | R2: Annual Average CPI | S2: Total Income CPI Adjusted | T2: Annual Impact on the 90% *
A3: 1980 | B3: 1627 | C3: =E3*D3 -> 60.024814 | D3: 0.43496242 | E3: 138 | F3: 204 | G3: 342 | H3: 181 | I3: 523 | J3: 400 | K3: 922 | L3: 417 | M3: 1339 | N3: 288 | O3: =E3/B3 -> 0.084818685 | P3: =I3/B3 -> 0.32145052 | Q3: =100%-P3 -> 0.67854948 | R3: 82.4 | S3: =B3*(R$46/R3) -> 6016.3459
A4: 1981 | B4: 1791 | C4: =E4*D4 -> 65.034317 | D4: 0.43647192 | E4: 149 | F4: 223 | G4: 372 | H4: 201 | I4: 573 | J4: 442 | K4: 1015 | L4: 458 | M4: 1473 | N4: 318 | O4: =E4/B4 -> 0.083193747 | P4: =I4/B4 -> 0.319933 | Q4: =100%-P4 -> 0.680067 | R4: 90.9 | S4: =B4*(R$46/R4) -> 6003.495 | T4: =(Q4*S4)-(Q$3*S4) -> 9.1104485
A5: 1982 | B5: 1876 | C5: =E5*D5 -> 73.143774 | D5: 0.43798667 | E5: 167 | F5: 231 | G5: 398 | H5: 207 | I5: 605 | J5: 460 | K5: 1065 | L5: 478 | M5: 1544 | N5: 332 | O5: =E5/B5 -> 0.08901919 | P5: =I5/B5 -> 0.32249467 | Q5: =100%-P5 -> 0.67750533 | R5: 96.5 | S5: =B5*(R$46/R5) -> 5923.4943 | T5: =(Q5*S5)-(Q$3*S5) -> -6.1849993
A6: 1983 | B6: 1970 | C6: =E6*D6 -> 80.429721 | D6: 0.43950667 | E6: 183 | F6: 245 | G6: 428 | H6: 217 | I6: 646 | J6: 481 | K6: 1127 | L6: 498 | M6: 1625 | N6: 344 | O6: =E6/B6 -> 0.092893401 | P6: =I6/B6 -> 0.32791878 | Q6: =100%-P6 -> 0.67208122 | R6: 99.6 | S6: =B6*(R$46/R6) -> 6026.6968 | T6: =(Q6*S6)-(Q$3*S6) -> -38.982237
A7: 1984 | B7: 2173 | C7: =E7*D7 -> 92.61671 | D7: 0.44103195 | E7: 210 | F7: 272 | G7: 482 | H7: 240 | I7: 723 | J7: 528 | K7: 1251 | L7: 543 | M7: 1794 | N7: 379 | O7: =E7/B7 -> 0.096640589 | P7: =I7/B7 -> 0.33271974 | Q7: =100%-P7 -> 0.66728026 | R7: 103.9 | S7: =B7*(R$46/R7) -> 6372.5996 | T7: =(Q7*S7)-(Q$3*S7) -> -71.814226
A8: 1985 | B8: 2344 | C8: =E8*D8 -> 104.00219 | D8: 0.44256252 | E8: 235 | F8: 296 | G8: 531 | H8: 260 | I8: 791 | J8: 567 | K8: 1359 | L8: 580 | M8: 1939 | N8: 405 | O8: =E8/B8 -> 0.10025597 | P8: =I8/B8 -> 0.33745734 | Q8: =100%-P8 -> 0.66254266 | R8: 107.6 | S8: =B8*(R$46/R8) -> 6637.7026 | T8: =(Q8*S8)-(Q$3*S8) -> -106.24848
A9: 1986 | B9: 2524 | C9: =E9*D9 -> 126.56805 | D9: 0.44409841 | E9: 285 | F9: 323 | G9: 608 | H9: 278 | I9: 887 | J9: 604 | K9: 1490 | L9: 613 | M9: 2104 | N9: 421 | O9: =E9/B9 -> 0.11291601 | P9: =I9/B9 -> 0.35142631 | Q9: =100%-P9 -> 0.64857369 | R9: 109.6 | S9: =B9*(R$46/R9) -> 7016.9964 | T9: =(Q9*S9)-(Q$3*S9) -> -210.33997
A10: 1987 | B10: 2814 | C10: =E10*D10 -> 155.1736 | D10: 0.44718618 | E10: 347 | F10: 375 | G10: 722 | H10: 316 | I10: 1038 | J10: 671 | K10: 1709 | L10: 664 | M10: 2374 | N10: 440 | O10: =E10/B10 -> 0.12331201 | P10: =I10/B10 -> 0.36886994 | Q10: =100%-P10 -> 0.63113006 | R10: 113.6 | S10: =B10*(R$46/R10) -> 7547.7623 | T10: =(Q10*S10)-(Q$3*S10) -> -357.91046
A11: 1988 | B11: 3124 | C11: =E11*D11 -> 212.70186 | D11: 0.44873811 | E11: 474 | F11: 417 | G11: 891 | H11: 342 | I11: 1233 | J11: 718 | K11: 1951 | L11: 707 | M11: 2658 | N11: 466 | O11: =E11/B11 -> 0.15172855 | P11: =I11/B11 -> 0.3946863 | Q11: =100%-P11 -> 0.6053137 | R11: 118.3 | S11: =B11*(R$46/R11) -> 8046.3466 | T11: =(Q11*S11)-(Q$3*S11) -> -589.28045
A12: 1989 | B12: 3299 | C12: =E12*D12 -> 210.73826 | D12: 0.45029543 | E12: 468 | F12: 450 | G12: 918 | H12: 368 | I12: 1287 | J12: 768 | K12: 2054 | L12: 751 | M12: 2805 | N12: 494 | O12: =E12/B12 -> 0.14186117 | P12: =I12/B12 -> 0.39011822 | Q12: =100%-P12 -> 0.60988178 | R12: 124 | S12: =B12*(R$46/R12) -> 8106.4944 | T12: =(Q12*S12)-(Q$3*S12) -> -556.65428
A13: 1990 | B13: 3451 | C13: =E13*D13 -> 218.24748 | D13: 0.45185815 | E13: 483 | F13: 470 | G13: 953 | H13: 385 | I13: 1338 | J13: 806 | K13: 2144 | L13: 788 | M13: 2933 | N13: 519 | O13: =E13/B13 -> 0.13995943 | P13: =I13/B13 -> 0.38771371 | Q13: =100%-P13 -> 0.61228629 | R13: 130.7 | S13: =B13*(R$46/R13) -> 8045.2923 | T13: =(Q13*S13)-(Q$3*S13) -> -533.10668
A14: 1991 | B14: 3516 | C14: =E14*D14 -> 207.21581 | D14: 0.45342629 | E14: 457 | F14: 486 | G14: 943 | H14: 400 | I14: 1343 | J14: 832 | K14: 2175 | L14: 809 | M14: 2984 | N14: 532 | O14: =E14/B14 -> 0.12997725 | P14: =I14/B14 -> 0.38196815 | Q14: =100%-P14 -> 0.61803185 | R14: 136.2 | S14: =B14*(R$46/R14) -> 7865.8238 | T14: =(Q14*S14)-(Q$3*S14) -> -476.02096
A15: 1992 | B15: 3681 | C15: =E15*D15 -> 238.41993 | D15: 0.45499987 | E15: 524 | F15: 507 | G15: 1031 | H15: 413 | I15: 1444 | J15: 856 | K15: 2299 | L15: 832 | M15: 3131 | N15: 549 | O15: =E15/B15 -> 0.14235262 | P15: =I15/B15 -> 0.39228471 | Q15: =100%-P15 -> 0.60771529 | R15: 140.3 | S15: =B15*(R$46/R15) -> 7994.3029 | T15: =(Q15*S15)-(Q$3*S15) -> -566.26991
... A23: 2000 | B23: 6424 | C23: =E23*D23 -> 625.43089 | D23: 0.46778675 | E23: 1337 | F23: 930 | G23: 2267 | H23: 688 | I23: 2955 | J23: 1358 | K23: 4314 | L23: 1276 | M23: 5590 | N23: 834 | O23: =E23/B23 -> 0.20812578 | P23: =I23/B23 -> 0.45999377 | Q23: =100%-P23 -> 0.54000623 | R23: 172.2 | S23: =B23*(R$46/R23) -> 11366.973 | T23: =(Q23*S23)-(Q$3*S23) -> -1574.8174
A24: 2001 | B24: 6116 | C24: 492 | D24: 0.47103923 | E24: 1065 | F24: 869 | G24: 1934 | H24: 666 | I24: 2600 | J24: 1334 | K24: 3933 | L24: 1302 | M24: 5235 | N24: 881 | O24: =E24/B24 -> 0.17413342 | P24: =I24/B24 -> 0.42511445 | Q24: =100%-P24 -> 0.57488555 | R24: 177.1 | S24: =B24*(R$46/R24) -> 10522.559 | T24: =(Q24*S24)-(Q$3*S24) -> -1090.8098
A25: 2002 | B25: 5982 | C25: 421 | D25: 0.47267394 | E25: 960 | F25: 852 | G25: 1812 | H25: 660 | I25: 2472 | J25: 1339 | K25: 3812 | L25: 1303 | M25: 5115 | N25: 867 | O25: =E25/B25 -> 0.16048144 | P25: =I25/B25 -> 0.41323972 | Q25: =100%-P25 -> 0.58676028 | R25: 179.9 | S25: =B25*(R$46/R25) -> 10131.825 | T25: =(Q25*S25)-(Q$3*S25) -> -929.99212
A26: 2003 | B26: 6157 | C26: 466 | D26: 0.47431432 | E26: 1030 | F26: 878 | G26: 1908 | H26: 679 | I26: 2587 | J26: 1375 | K26: 3962 | L26: 1325 | M26: 5287 | N26: 870 | O26: =E26/B26 -> 0.16728926 | P26: =I26/B26 -> 0.42017216 | Q26: =100%-P26 -> 0.57982784 | R26: 184 | S26: =B26*(R$46/R26) -> 10195.858 | T26: =(Q26*S26)-(Q$3*S26) -> -1006.5518
A27: 2004 | B27: 6735 | C27: 615 | D27: 0.4759604 | E27: 1279 | F27: 964 | G27: 2243 | H27: 725 | I27: 2968 | J27: 1455 | K27: 4423 | L27: 1403 | M27: 5826 | N27: 908 | O27: =E27/B27 -> 0.18990349 | P27: =I27/B27 -> 0.440683 | Q27: =100%-P27 -> 0.559317 | R27: 188.9 | S27: =B27*(R$46/R27) -> 10863.708 | T27: =(Q27*S27)-(Q$3*S27) -> -1295.3068
A28: 2005 | B28: 7366 | C28: 784 | D28: 0.47761218 | E28: 1561 | F28: 1062 | G28: 2623 | H28: 778 | I28: 3401 | J28: 1540 | K28: 4940 | L28: 1473 | M28: 6413 | N28: 953 | O28: =E28/B28 -> 0.21191963 | P28: =I28/B28 -> 0.46171599 | Q28: =100%-P28 -> 0.53828401 | R28: 195.3 | S28: =B28*(R$46/R28) -> 11492.167 | T28: =(Q28*S28)-(Q$3*S28) -> -1611.9542
A29: 2006 | B29: 7970 | C29: 895 | D29: 0.4792697 | E29: 1761 | F29: 1157 | G29: 2918 | H29: 841 | I29: 3760 | J29: 1652 | K29: 5412 | L29: 1568 | M29: 6980 | N29: 990 | O29: =E29/B29 -> 0.22095358 | P29: =I29/B29 -> 0.47176913 | Q29: =100%-P29 -> 0.52823087 | R29: 201.6 | S29: =B29*(R$46/R29) -> 12045.928 | T29: =(Q29*S29)-(Q$3*S29) -> -1810.7271
A30: 2007 | B30: 8622 | C30: 1030 | D30: 0.48093298 | E30: 1971 | F30: 1252 | G30: 3223 | H30: 905 | I30: 4128 | J30: 1770 | K30: 5898 | L30: 1673 | M30: 7571 | N30: 1051 | O30: =E30/B30 -> 0.22860125 | P30: =I30/B30 -> 0.47877523 | Q30: =100%-P30 -> 0.52122477 | R30: 207.3 | S30: =B30*(R$46/R30) -> 12673.051 | T30: =(Q30*S30)-(Q$3*S30) -> -1993.7839
A31: 2008 | B31: 8206 | C31: 826 | D31: 0.48260202 | E31: 1657 | F31: 1211 | G31: 2868 | H31: 905 | I31: 3773 | J31: 1782 | K31: 5555 | L31: 1673 | M31: 7228 | N31: 978 | O31: =E31/B31 -> 0.20192542 | P31: =I31/B31 -> 0.45978552 | Q31: =100%-P31 -> 0.54021448 | R31: 215.3 | S31: =B31*(R$46/R31) -> 11613.415 | T31: =(Q31*S31)-(Q$3*S31) -> -1606.5417
A32: 2009 | B32: 7579 | C32: 602 | D32: 0.48427686 | E32: 1305 | F32: 1134 | G32: 2439 | H32: 878 | I32: 3317 | J32: 1740 | K32: 5058 | L32: 1620 | M32: 6678 | N32: 900 | O32: =E32/B32 -> 0.1721863 | P32: =I32/B32 -> 0.43765668 | Q32: =100%-P32 -> 0.56234332 | R32: 214.5 | S32: =B32*(R$46/R32) -> 10766.067 | T32: =(Q32*S32)-(Q$3*S32) -> -1251.0833
A33: 2010 | B33: 8040 | C33: 743 | D33: 0.48595751 | E33: 1517 | F33: 1199 | G33: 2716 | H33: 915 | I33: 3631 | J33: 1800 | K33: 5431 | L33: 1665 | M33: 7096 | N33: 944 | O33: =E33/B33 -> 0.18868159 | P33: =I33/B33 -> 0.45161692 | Q33: =100%-P33 -> 0.54838308 | R33: 218.1 | S33: =B33*(R$46/R33) -> 11232.407 | T33: =(Q33*S33)-(Q$3*S33) -> -1462.0819
A34: 2011 | B34: 8317 | C34: 737 | D34: 0.48764399 | E34: 1556 | F34: 1263 | G34: 2819 | H34: 956 | I34: 3775 | J34: 1866 | K34: 5641 | L34: 1716 | M34: 7357 | N34: 961 | O34: =E34/B34 -> 0.18708669 | P34: =I34/B34 -> 0.45388962 | Q34: =100%-P34 -> 0.54611038 | R34: 224.9 | S34: =B34*(R$46/R34) -> 11268.074 | T34: =(Q34*S34)-(Q$3*S34) -> -1492.3336
A35: 2012 | B35: 9042 | C35: 1017 | D35: 0.48933633 | E35: 1977 | F35: 1354 | G35: 3331 | H35: 997 | I35: 4328 | J35: 1934 | K35: 6262 | L35: 1776 | M35: 8038 | N35: 1004 | O35: =E35/B35 -> 0.21864632 | P35: =I35/B35 -> 0.47865516 | Q35: =100%-P35 -> 0.52134484 | R35: 229.6 | S35: =B35*(R$46/R35) -> 11999.553 | T35: =(Q35*S35)-(Q$3*S35) -> -1886.3855
... A45: 2022 | B45: 14751.82 | C45: 1677.838 | D45: 0.50658609 | E45: 3309.589 | F45: 2338.236 | G45: 5647.825 | H45: 1634.286 | I45: 7282.111 | J45: 3028.377 | K45: 10310.488 | L45: 2750.326 | M45: 13060.814 | N45: 1691.006 | O45: =E45/B45 -> 0.22435123 | P45: =I45/B45 -> 0.49364153 | Q45: =100%-P45 -> 0.50635847 | R45: 292.7 | S45: =B45*(R$46/R45) -> 15356.609 | T45: =(Q45*S45)-(Q$3*S45) -> -2644.27
A46: 2023 | B46: 15196.869 | C46: 1528.349 | D46: 0.50834416 | E46: 3134.629 | F46: =G46-E46 -> 2400.007 | G46: 5534.636 | H46: =I46-G46 -> 1699.266 | I46: 7233.902 | J46: =K46-I46 -> 3179.379 | K46: 10413.281 | L46: =M46-K46 -> 2910.582 | M46: 13323.863 | N46: 1873.007 | O46: =E46/B46 -> 0.20626808 | P46: =I46/B46 -> 0.47601266 | Q46: =100%-P46 -> 0.52398734 | R46: 304.7 | S46: =B46*(R$46/R46) -> 15196.869 | T46: =(Q46*S46)-(Q$3*S46) -> -2348.8605
T47: =SUM(T4:T46) -> -53468.218
A48: Source: IRS, "SOI tax stats - Individual statistical tables by tax rate and income percentile," https://www.irs.gov/statistics/soi-tax-stats-individual-statistical-tables-by-tax-rate-and-income-percentile.
A50: The following notes were removed from the IRS file after the years 1986 and 2000 respectively for ease of calculations and improved display of data: "The Tax Reform Act of 1986 changed the definition of AGI, so data above and below this line is not strictly comparable." and "The IRS changed methodology, so data above and below this line is not strictly comparable." They do not materially affect the outcomes of the calculations and representations.
A52: Amounts in orange, green, and blue were added for calculation purposes and not part of the IRS Statistics of Income Data file downloaded.
A54: The Annual Average CPI amounts are from the Bureau of Labor Statistics, https://www.bls.gov/cpi/tables/supplemental-files/historical-cpi-u-202312.pdf
A56: * The "Annual Impact on the 90%" column reflects the annual impact of shareholder capitalism on the Total Income of 90% of Americans. The total of that column is the cumulative impact for the period from 1981 through 2023. The annual amounts are calculculated by multiplying the change in income sharing ratio for each year versus the 1980 income sharing ratio times the Total CPI Adjusted Income for that year. The 2023 impact was $2.3 trillion. Of that amount $1.8 trillion went to the Top 1%. That is calculated by taking the 2023 Top 1% share of Total Income minus the 1980 Top 1% share and multiplying that times the Total CPI Adjusted Income for 2023.

Sheet Table4
A1: Table 4. Total Income Tax after Credits, 1980–2023 ($Billions)
A3: Year | B3: Total | C3: Top 0.1% | D3: Top 1% | E3: Between 1% & 5% | F3: Top 5% | G3: Between 5% & 10% | H3: Top 10% | I3: Between 10% & 25% | J3: Top 25% | K3: Between 25% & 50% | L3: Top 50% | M3: Bottom 50%
A4: 1980 | B4: 249 | D4: 47 | E4: 45 | F4: 92 | G4: 31 | H4: 123 | I4: 59 | J4: 182 | K4: 50 | L4: 232 | M4: 18
A5: 1981 | B5: 282 | D5: 50 | E5: 49 | F5: 99 | G5: 36 | H5: 135 | I5: 69 | J5: 204 | K5: 57 | L5: 261 | M5: 21
A6: 1982 | B6: 276 | D6: 53 | E6: 47 | F6: 100 | G6: 34 | H6: 134 | I6: 66 | J6: 200 | K6: 56 | L6: 256 | M6: 20
A7: 1983 | B7: 272 | D7: 55 | E7: 46 | F7: 101 | G7: 34 | H7: 135 | I7: 64 | J7: 199 | K7: 54 | L7: 252 | M7: 19
A8: 1984 | B8: 297 | D8: 63 | E8: 50 | F8: 113 | G8: 37 | H8: 150 | I8: 68 | J8: 219 | K8: 57 | L8: 276 | M8: 22
A9: 1985 | B9: 322 | D9: 70 | E9: 55 | F9: 125 | G9: 41 | H9: 166 | I9: 73 | J9: 238 | K9: 60 | L9: 299 | M9: 23
A10: 1986 | B10: 367 | D10: 94 | E10: 62 | F10: 156 | G10: 44 | H10: 201 | I10: 78 | J10: 279 | K10: 64 | L10: 343 | M10: 24
A11: The Tax Reform Act of 1986 changed the definition of AGI, so data above and below this line is not strictly comparable.
A12: 1987 | B12: 369 | D12: 92 | E12: 68 | F12: 160 | G12: 46 | H12: 205 | I12: 79 | J12: 284 | K12: 63 | L12: 347 | M12: 22
A13: 1988 | B13: 413 | D13: 114 | E13: 74 | F13: 188 | G13: 48 | H13: 236 | I13: 85 | J13: 321 | K13: 68 | L13: 389 | M13: 24
A14: 1989 | B14: 433 | D14: 109 | E14: 81 | F14: 190 | G14: 51 | H14: 241 | I14: 93 | J14: 334 | K14: 73 | L14: 408 | M14: 25
A15: 1990 | B15: 447 | D15: 112 | E15: 83 | F15: 195 | G15: 52 | H15: 248 | I15: 97 | J15: 344 | K15: 77 | L15: 421 | M15: 26
A16: 1991 | B16: 448 | D16: 111 | E16: 83 | F16: 194 | G16: 56 | H16: 250 | I16: 96 | J16: 347 | K16: 77 | L16: 424 | M16: 25
A17: 1992 | B17: 476 | D17: 131 | E17: 87 | F17: 218 | G17: 58 | H17: 276 | I17: 97 | J17: 374 | K17: 78 | L17: 452 | M17: 24
A18: 1993 | B18: 503 | D18: 146 | E18: 92 | F18: 238 | G18: 60 | H18: 298 | I18: 101 | J18: 399 | K18: 80 | L18: 479 | M18: 24
A19: 1994 | B19: 535 | D19: 154 | E19: 100 | F19: 254 | G19: 64 | H19: 318 | I19: 108 | J19: 425 | K19: 84 | L19: 509 | M19: 25
A20: 1995 | B20: 588 | D20: 178 | E20: 110 | F20: 288 | G20: 70 | H20: 357 | I20: 115 | J20: 473 | K20: 88 | L20: 561 | M20: 27
A21: 1996 | B21: 658 | D21: 213 | E21: 122 | F21: 335 | G21: 76 | H21: 411 | I21: 124 | J21: 535 | K21: 95 | L21: 630 | M21: 28
A22: 1997 | B22: 727 | D22: 241 | E22: 136 | F22: 377 | G22: 82 | H22: 460 | I22: 134 | J22: 594 | K22: 102 | L22: 696 | M22: 31
A23: 1998 | B23: 788 | D23: 274 | E23: 151 | F23: 425 | G23: 88 | H23: 513 | I23: 139 | J23: 652 | K23: 103 | L23: 755 | M23: 33
... A25: 2000 | B25: 981 | D25: 367 | E25: 187 | F25: 554 | G25: 106 | H25: 660 | I25: 164 | J25: 824 | K25: 118 | L25: 942 | M25: 38
A26: The IRS changed methodology, so data above and below this line is not strictly comparable.
A27: 2001 | B27: 885 | C27: 139 | D27: 294 | E27: 168 | F27: 462 | G27: 101 | H27: 564 | I27: 158 | J27: 722 | K27: 120 | L27: 842 | M27: 43
A28: 2002 | B28: 794 | C28: 120 | D28: 263 | E28: 157 | F28: 420 | G28: 93 | H28: 513 | I28: 143 | J28: 657 | K28: 104 | L28: 761 | M28: 33
A29: 2003 | B29: 746 | C29: 115 | D29: 251 | E29: 148 | F29: 399 | G29: 85 | H29: 484 | I29: 133 | J29: 617 | K29: 98 | L29: 715 | M29: 30
A30: 2004 | B30: 829 | C30: 142 | D30: 301 | E30: 166 | F30: 467 | G30: 91 | H30: 558 | I30: 137 | J30: 695 | K30: 102 | L30: 797 | M30: 32
A31: 2005 | B31: 932 | C31: 176 | D31: 361 | E31: 188 | F31: 549 | G31: 98 | H31: 647 | I31: 145 | J31: 793 | K31: 106 | L31: 898 | M31: 33
A32: 2006 | B32: 1020 | C32: 196 | D32: 402 | E32: 205 | F32: 607 | G32: 108 | H32: 715 | I32: 157 | J32: 872 | K32: 113 | L32: 986 | M32: 35
A33: 2007 | B33: 1112 | C33: 221 | D33: 443 | E33: 223 | F33: 666 | G33: 117 | H33: 783 | I33: 170 | J33: 953 | K33: 122 | L33: 1075 | M33: 37
A34: 2008 | B34: 1029 | C34: 187 | D34: 386 | E34: 211 | F34: 597 | G34: 115 | H34: 712 | I34: 168 | J34: 880 | K34: 117 | L34: 997 | M34: 32
A35: 2009 | B35: 863 | C35: 146 | D35: 314 | E35: 188 | F35: 502 | G35: 101 | H35: 604 | I35: 146 | J35: 749 | K35: 93 | L35: 842 | M35: 21
A36: 2010 | B36: 949 | C36: 170 | D36: 355 | E36: 206 | F36: 561 | G36: 110 | H36: 670 | I36: 156 | J36: 827 | K36: 100 | L36: 927 | M36: 22
A37: 2011 | B37: 1043 | C37: 168 | D37: 366 | E37: 223 | F37: 589 | G37: 123 | H37: 712 | I37: 181 | J37: 893 | K37: 120 | L37: 1012 | M37: 30
A38: 2012 | B38: 1185 | C38: 220 | D38: 451 | E38: 248 | F38: 699 | G38: 133 | H38: 831 | I38: 193 | J38: 1024 | K38: 128 | L38: 1152 | M38: 33
... A48: 2022 | B48: 2136.333 | C48: 439.722 | D48: 863.631 | E48: 439.575 | F48: 1303.206 | G48: 234.357 | H48: 1537.563 | I48: 324.706 | J48: 1862.269 | K48: 210.86 | L48: 2073.129 | M48: 63.203
A49: 2023 | B49: 2144.411 | C49: 407.345 | D49: 823.411 | E49: =F49-D49 -> 448.165 | F49: 1271.576 | G49: =H49-F49 -> 241.148 | H49: 1512.724 | I49: =J49-H49 -> 338.093 | J49: 1850.817 | K49: =L49-J49 -> 223.684 | L49: 2074.501 | M49: 69.911
B51: After-tax Income: Adjusted Gross Income per Table 3, less Taxes per Table 4
C52: Total | E52: Top 1% | H52: Top 10% | K52: Bottom 90%
E53: Dollars | F53: % of Total | H53: Dollars | I53: % of Total | K53: Dollars | L53: % of Total
B54: =A4 -> 1980 | C54: =Table3!B3-Table4!B4 -> 1378 | E54: =Table3!E3-Table4!D4 -> 91 | F54: =E54/C54 -> 0.066037736 | H54: =Table3!I3-Table4!H4 -> 400 | I54: =H54/C54 -> 0.29027576 | K54: =C54-H54 -> 978 | L54: =K54/C54 -> 0.70972424
B55: =A49 -> 2023 | C55: =Table3!B46-Table4!B49 -> 13052.458 | E55: =Table3!E46-Table4!D49 -> 2311.218 | F55: =E55/C55 -> 0.17707148 | H55: =Table3!I46-Table4!H49 -> 5721.178 | I55: =H55/C55 -> 0.43832189 | K55: =C55-H55 -> 7331.28 | L55: =K55/C55 -> 0.56167811
B56: Change in Share of After-tax Income | F56: =F55-F54 -> 0.11103374 | I56: =I55-I54 -> 0.14804612 | L56: =L55-L54 -> -0.14804612
B57: Change x 2023 Total After-tax Income | F57: =F56*C55 -> 1449.2632 | I57: =C55*I56 -> 1932.3658 | L57: =C55*L56 -> -1932.3658
B58: Impact on Average After-tax Income for 90% of Americans | L58: =L57/K55 -> -0.26357823
B60: Items in orange were calculated from data in Tables 3 and 4
A62: Source: IRS, "SOI tax stats - Individual statistical tables by tax rate and income percentile," https://www.irs.gov/statistics/soi-tax-stats-individual-statistical-tables-by-tax-rate-and-income-percentile.

Sheet Table5
A1: Table 5. Adjusted Gross Income Shares, 1980–2023 (percent of total AGI earned by each group)
A3: Year | B3: Total | C3: Top 0.1% | D3: Top 1% | E3: Between 1% & 5% | F3: Top 5% | G3: Between 5% & 10% | H3: Top 10% | I3: Between 10% & 25% | J3: Top 25% | K3: Between 25% & 50% | L3: Top 50% | M3: Bottom 50%
A4: 1980 | B4: 1 | D4: 0.0846 | E4: 0.12538414 | F4: 0.2101 | G4: 0.1112 | H4: 0.3213 | I4: 0.2457 | J4: 0.567 | K4: 0.2562 | L4: 0.8232 | M4: 0.1768
A5: 1981 | B5: 1 | D5: 0.083 | E5: 0.12451145 | F5: 0.2078 | G5: 0.112 | H5: 0.3198 | I5: 0.2469 | J5: 0.5667 | K5: 0.2559 | L5: 0.8225 | M5: 0.1775
A6: 1982 | B6: 1 | D6: 0.0891 | E6: 0.12313433 | F6: 0.2123 | G6: 0.1103 | H6: 0.3226 | I6: 0.2453 | J6: 0.5679 | K6: 0.255 | L6: 0.8229 | M6: 0.1771
A7: 1983 | B7: 1 | D7: 0.0929 | E7: 0.12436548 | F7: 0.2174 | G7: 0.1104 | H7: 0.3278 | I7: 0.2444 | J7: 0.5722 | K7: 0.253 | L7: 0.8252 | M7: 0.1748
A8: 1984 | B8: 1 | D8: 0.0966 | E8: 0.12517257 | F8: 0.2219 | G8: 0.1106 | H8: 0.3325 | I8: 0.2431 | J8: 0.5756 | K8: 0.25 | L8: 0.8256 | M8: 0.1744
A9: 1985 | B9: 1 | D9: 0.1003 | E9: 0.12627986 | F9: 0.2267 | G9: 0.111 | H9: 0.3377 | I9: 0.2421 | J9: 0.5797 | K9: 0.2477 | L9: 0.8274 | M9: 0.1726
A10: 1986 | B10: 1 | D10: 0.113 | E10: 0.12797147 | F10: 0.2411 | G10: 0.1102 | H10: 0.3512 | I10: 0.2392 | J10: 0.5904 | K10: 0.243 | L10: 0.8334 | M10: 0.1666
A11: The Tax Reform Act of 1986 changed the definition of AGI, so data above and below this line is not strictly comparable.
A12: 1987 | B12: 1 | D12: 0.1232 | E12: 0.13326226 | F12: 0.2567 | G12: 0.1123 | H12: 0.369 | I12: 0.2385 | J12: 0.6075 | K12: 0.2362 | L12: 0.8437 | M12: 0.1563
A13: 1988 | B13: 1 | D13: 0.1516 | E13: 0.13348271 | F13: 0.2851 | G13: 0.1094 | H13: 0.3945 | I13: 0.2299 | J13: 0.6244 | K13: 0.2263 | L13: 0.8507 | M13: 0.1493
A14: 1989 | B14: 1 | D14: 0.1419 | E14: 0.13640497 | F14: 0.2784 | G14: 0.1116 | H14: 0.39 | I14: 0.2328 | J14: 0.6228 | K14: 0.2276 | L14: 0.8504 | M14: 0.1496
A15: 1990 | B15: 1 | D15: 0.14 | E15: 0.13619241 | F15: 0.2762 | G15: 0.1115 | H15: 0.3877 | I15: 0.2336 | J15: 0.6213 | K15: 0.2284 | L15: 0.8497 | M15: 0.1503
A16: 1991 | B16: 1 | D16: 0.1299 | E16: 0.13822526 | F16: 0.2683 | G16: 0.1137 | H16: 0.382 | I16: 0.2365 | J16: 0.6185 | K16: 0.2301 | L16: 0.8487 | M16: 0.1513
A17: 1992 | B17: 1 | D17: 0.1423 | E17: 0.13773431 | F17: 0.2801 | G17: 0.1121 | H17: 0.3923 | I17: 0.2325 | J17: 0.6247 | K17: 0.2261 | L17: 0.8508 | M17: 0.1492
A18: 1993 | B18: 1 | D18: 0.1379 | E18: 0.13956568 | F18: 0.2776 | G18: 0.1129 | H18: 0.3905 | I18: 0.234 | J18: 0.6245 | K18: 0.2263 | L18: 0.8508 | M18: 0.1492
A19: 1994 | B19: 1 | D19: 0.138 | E19: 0.14036859 | F19: 0.2785 | G19: 0.1134 | H19: 0.3919 | I19: 0.2345 | J19: 0.6264 | K19: 0.2248 | L19: 0.8511 | M19: 0.1489
A20: 1995 | B20: 1 | D20: 0.146 | E20: 0.14204947 | F20: 0.2881 | G20: 0.1135 | H20: 0.4016 | I20: 0.2321 | J20: 0.6337 | K20: 0.2209 | L20: 0.8546 | M20: 0.1454
A21: 1996 | B21: 1 | D21: 0.1604 | E21: 0.14310608 | F21: 0.3036 | G21: 0.1123 | H21: 0.4159 | I21: 0.2273 | J21: 0.6432 | K21: 0.216 | L21: 0.8592 | M21: 0.1408
A22: 1997 | B22: 1 | D22: 0.1738 | E22: 0.14413697 | F22: 0.3179 | G22: 0.1103 | H22: 0.4283 | I22: 0.2222 | J22: 0.6505 | K22: 0.2111 | L22: 0.8616 | M22: 0.1384
A23: 1998 | B23: 1 | D23: 0.1847 | E23: 0.14390199 | F23: 0.3285 | G23: 0.1092 | H23: 0.4377 | I23: 0.2187 | J23: 0.6563 | K23: 0.2069 | L23: 0.8633 | M23: 0.1367
... A25: 2000 | B25: 1 | D25: 0.2081 | E25: 0.14476961 | F25: 0.353 | G25: 0.1071 | H25: 0.4601 | I25: 0.2115 | J25: 0.6715 | K25: 0.1986 | L25: 0.8701 | M25: 0.1299
A26: The IRS changed methodology, so data above and below this line is not strictly comparable.
A27: 2001 | B27: 1 | C27: 0.0805 | D27: 0.1741 | E27: 0.14208633 | F27: 0.3161 | G27: 0.1089 | H27: 0.425 | I27: 0.218 | J27: 0.6431 | K27: 0.2129 | L27: 0.856 | M27: 0.144
A28: 2002 | B28: 1 | C28: 0.0704 | D28: 0.1605 | E28: 0.14242728 | F28: 0.3029 | G28: 0.1104 | H28: 0.4133 | I28: 0.2239 | J28: 0.6371 | K28: 0.2179 | L28: 0.855 | M28: 0.145
A29: 2003 | B29: 1 | C29: 0.0756 | D29: 0.1673 | E29: 0.14260192 | F29: 0.3099 | G29: 0.1103 | H29: 0.4201 | I29: 0.2233 | J29: 0.6434 | K29: 0.2152 | L29: 0.8587 | M29: 0.1413
A30: 2004 | B30: 1 | C30: 0.0914 | D30: 0.1899 | E30: 0.14313289 | F30: 0.3331 | G30: 0.1077 | H30: 0.4407 | I30: 0.216 | J30: 0.6568 | K30: 0.2083 | L30: 0.8651 | M30: 0.1349
A31: 2005 | B31: 1 | C31: 0.1064 | D31: 0.2119 | E31: 0.14417594 | F31: 0.3561 | G31: 0.1056 | H31: 0.4617 | I31: 0.209 | J31: 0.6707 | K31: 0.1999 | L31: 0.8706 | M31: 0.1294
A32: 2006 | B32: 1 | C32: 0.1123 | D32: 0.221 | E32: 0.14516939 | F32: 0.3662 | G32: 0.1056 | H32: 0.4717 | I32: 0.2073 | J32: 0.6791 | K32: 0.1968 | L32: 0.8758 | M32: 0.1242
A33: 2007 | B33: 1 | C33: 0.1195 | D33: 0.2286 | E33: 0.14520993 | F33: 0.3739 | G33: 0.1049 | H33: 0.4788 | I33: 0.2053 | J33: 0.6841 | K33: 0.194 | L33: 0.8781 | M33: 0.1219
A34: 2008 | B34: 1 | C34: 0.1006 | D34: 0.2019 | E34: 0.14757495 | F34: 0.3495 | G34: 0.1103 | H34: 0.4598 | I34: 0.2171 | J34: 0.6769 | K34: 0.2039 | L34: 0.8808 | M34: 0.1192
A35: 2009 | B35: 1 | C35: 0.0794 | D35: 0.1721 | E35: 0.14962396 | F35: 0.3218 | G35: 0.1159 | H35: 0.4377 | I35: 0.2296 | J35: 0.6674 | K35: 0.2138 | L35: 0.8812 | M35: 0.1188
A36: 2010 | B36: 1 | C36: 0.0924 | D36: 0.1887 | E36: 0.14912935 | F36: 0.3378 | G36: 0.1138 | H36: 0.4517 | I36: 0.2238 | J36: 0.6755 | K36: 0.2071 | L36: 0.8826 | M36: 0.1174
A37: 2011 | B37: 1 | C37: 0.0886 | D37: 0.187 | E37: 0.15185764 | F37: 0.3389 | G37: 0.115 | H37: 0.4539 | I37: 0.2243 | J37: 0.6782 | K37: 0.2063 | L37: 0.8845 | M37: 0.1155
A38: 2012 | B38: 1 | C38: 0.1125 | D38: 0.2186 | E38: 0.14974563 | F38: 0.3684 | G38: 0.1103 | H38: 0.4787 | I38: 0.2139 | J38: 0.6925 | K38: 0.1964 | L38: 0.889 | M38: 0.111
... A48: 2022 | B48: 1 | C48: 0.11373769 | D48: 0.22435123 | E48: 0.15850492 | F48: 0.38285615 | G48: 0.11078538 | H48: 0.49364153 | I48: 0.20528836 | J48: 0.69892989 | K48: 0.18643977 | L48: 0.88536967 | M48: 0.11463033
A49: 2023 | B49: 1 | C49: 0.10057 | D49: 0.206268 | E49: =F49-D49 -> 0.157928 | F49: 0.364196 | G49: =H49-F49 -> 0.111817 | H49: 0.476013 | I49: =J49-H49 -> 0.209212 | J49: 0.685225 | K49: =L49-J49 -> 0.191525 | L49: 0.87675 | M49: 0.12325
A51: Source: IRS, "SOI tax stats - Individual statistical tables by tax rate and income percentile," https://www.irs.gov/statistics/soi-tax-stats-individual-statistical-tables-by-tax-rate-and-income-percentile.

Sheet Table6
A1: Table 6. Total Income Tax Shares, 1980–2023 (percent of federal income tax paid by each group)
A3: Year | B3: Total | C3: Top 0.1% | D3: Top 1% | E3: Between 1% & 5% | F3: Top 5% | G3: Between 5% & 10% | H3: Top 10% | I3: Between 10% & 25% | J3: Top 25% | K3: Between 25% & 50% | L3: Top 50% | M3: Bottom 50%
A4: 1980 | B4: 1 | D4: 0.1905 | E4: 0.1779 | F4: 0.3684 | G4: 0.1244 | H4: 0.4928 | I4: 0.2374 | J4: 0.7302 | K4: 0.1993 | L4: 0.9295 | M4: 0.0705
A5: 1981 | B5: 1 | D5: 0.1758 | E5: 0.1748 | F5: 0.3506 | G5: 0.129 | H5: 0.4796 | I5: 0.2433 | J5: 0.7229 | K5: 0.2026 | L5: 0.9255 | M5: 0.0745
A6: 1982 | B6: 1 | D6: 0.1903 | E6: 0.171 | F6: 0.3613 | G6: 0.1245 | H6: 0.4859 | I6: 0.2391 | J6: 0.725 | K6: 0.2015 | L6: 0.9265 | M6: 0.0735
A7: 1983 | B7: 1 | D7: 0.2032 | E7: 0.1694 | F7: 0.3726 | G7: 0.1244 | H7: 0.4971 | I7: 0.2339 | J7: 0.731 | K7: 0.1973 | L7: 0.9283 | M7: 0.0717
A8: 1984 | B8: 1 | D8: 0.2112 | E8: 0.1686 | F8: 0.3798 | G8: 0.1258 | H8: 0.5056 | I8: 0.2292 | J8: 0.7349 | K8: 0.1916 | L8: 0.9265 | M8: 0.0735
A9: 1985 | B9: 1 | D9: 0.2181 | E9: 0.1697 | F9: 0.3878 | G9: 0.1267 | H9: 0.5146 | I9: 0.226 | J9: 0.7406 | K9: 0.1877 | L9: 0.9283 | M9: 0.0717
A10: 1986 | B10: 1 | D10: 0.2575 | E10: 0.1682 | F10: 0.4257 | G10: 0.1212 | H10: 0.5469 | I10: 0.2133 | J10: 0.7602 | K10: 0.1752 | L10: 0.9354 | M10: 0.0646
A11: The Tax Reform Act of 1986 changed the definition of AGI, so data above and below this line is not strictly comparable.
A12: 1987 | B12: 1 | D12: 0.2481 | E12: 0.1845 | F12: 0.4326 | G12: 0.1235 | H12: 0.5561 | I12: 0.2131 | J12: 0.7692 | K12: 0.1702 | L12: 0.9393 | M12: 0.0607
A13: 1988 | B13: 1 | D13: 0.2758 | E13: 0.1804 | F13: 0.4562 | G13: 0.1166 | H13: 0.5728 | I13: 0.2057 | J13: 0.7784 | K13: 0.1644 | L13: 0.9428 | M13: 0.0572
A14: 1989 | B14: 1 | D14: 0.2524 | E14: 0.187 | F14: 0.4394 | G14: 0.1185 | H14: 0.5578 | I14: 0.2144 | J14: 0.7722 | K14: 0.1694 | L14: 0.9417 | M14: 0.0583
A15: 1990 | B15: 1 | D15: 0.2513 | E15: 0.1851 | F15: 0.4364 | G15: 0.1173 | H15: 0.5536 | I15: 0.2166 | J15: 0.7702 | K15: 0.1716 | L15: 0.9419 | M15: 0.0581
A16: 1991 | B16: 1 | D16: 0.2482 | E16: 0.1856 | F16: 0.4338 | G16: 0.1245 | H16: 0.5582 | I16: 0.2146 | J16: 0.7729 | K16: 0.1723 | L16: 0.9452 | M16: 0.0548
A17: 1992 | B17: 1 | D17: 0.2754 | E17: 0.1834 | F17: 0.4588 | G17: 0.1212 | H17: 0.5801 | I17: 0.2047 | J17: 0.7848 | K17: 0.1646 | L17: 0.9494 | M17: 0.0506
A18: 1993 | B18: 1 | D18: 0.2901 | E18: 0.1835 | F18: 0.4736 | G18: 0.1188 | H18: 0.5924 | I18: 0.2003 | J18: 0.7927 | K18: 0.1592 | L18: 0.9519 | M18: 0.0481
A19: 1994 | B19: 1 | D19: 0.2886 | E19: 0.1866 | F19: 0.4752 | G19: 0.1193 | H19: 0.5945 | I19: 0.201 | J19: 0.7955 | K19: 0.1568 | L19: 0.9523 | M19: 0.0477
A20: 1995 | B20: 1 | D20: 0.3026 | E20: 0.1865 | F20: 0.4891 | G20: 0.1184 | H20: 0.6075 | I20: 0.1962 | J20: 0.8036 | K20: 0.1503 | L20: 0.9539 | M20: 0.0461
A21: 1996 | B21: 1 | D21: 0.3231 | E21: 0.1866 | F21: 0.5097 | G21: 0.1154 | H21: 0.6251 | I21: 0.188 | J21: 0.8132 | K21: 0.1436 | L21: 0.9568 | M21: 0.0432
A22: 1997 | B22: 1 | D22: 0.3317 | E22: 0.187 | F22: 0.5187 | G22: 0.1133 | H22: 0.632 | I22: 0.1847 | J22: 0.8167 | K22: 0.1405 | L22: 0.9572 | M22: 0.0428
A23: 1998 | B23: 1 | D23: 0.3475 | E23: 0.1909 | F23: 0.5384 | G23: 0.112 | H23: 0.6504 | I23: 0.1765 | J23: 0.8269 | K23: 0.131 | L23: 0.9579 | M23: 0.0421
... A25: 2000 | B25: 1 | D25: 0.3742 | E25: 0.1905 | F25: 0.5647 | G25: 0.1086 | H25: 0.6733 | I25: 0.1668 | J25: 0.8401 | K25: 0.1208 | L25: 0.9609 | M25: 0.0391
A26: The IRS changed methodology, so data above and below this line is not strictly comparable.
A27: 2001 | B27: 1 | C27: 0.1568 | D27: 0.3322 | E27: 0.1902 | F27: 0.5224 | G27: 0.1144 | H27: 0.6368 | I27: 0.1788 | J27: 0.8156 | K27: 0.1354 | L27: 0.951 | M27: 0.049
A28: 2002 | B28: 1 | C28: 0.1509 | D28: 0.3309 | E28: 0.1977 | F28: 0.5286 | G28: 0.1177 | H28: 0.6463 | I28: 0.1804 | J28: 0.8267 | K28: 0.1312 | L28: 0.9579 | M28: 0.0421
A29: 2003 | B29: 1 | C29: 0.1537 | D29: 0.3369 | E29: 0.1985 | F29: 0.5354 | G29: 0.1135 | H29: 0.6489 | I29: 0.1787 | J29: 0.8276 | K29: 0.1317 | L29: 0.9593 | M29: 0.0407
A30: 2004 | B30: 1 | C30: 0.1712 | D30: 0.3628 | E30: 0.2007 | F30: 0.5635 | G30: 0.1096 | H30: 0.673 | I30: 0.1652 | J30: 0.8382 | K30: 0.1231 | L30: 0.9613 | M30: 0.0387
A31: 2005 | B31: 1 | C31: 0.1891 | D31: 0.3878 | E31: 0.2015 | F31: 0.5893 | G31: 0.1052 | H31: 0.6946 | I31: 0.1561 | J31: 0.8507 | K31: 0.1135 | L31: 0.9641 | M31: 0.0359
A32: 2006 | B32: 1 | C32: 0.1924 | D32: 0.3936 | E32: 0.2013 | F32: 0.5949 | G32: 0.1059 | H32: 0.7008 | I32: 0.1541 | J32: 0.8549 | K32: 0.111 | L32: 0.9659 | M32: 0.0341
A33: 2007 | B33: 1 | C33: 0.1984 | D33: 0.3981 | E33: 0.2009 | F33: 0.599 | G33: 0.1051 | H33: 0.7041 | I33: 0.153 | J33: 0.8571 | K33: 0.1093 | L33: 0.9664 | M33: 0.0336
A34: 2008 | B34: 1 | C34: 0.182 | D34: 0.3751 | E34: 0.2055 | F34: 0.5806 | G34: 0.1114 | H34: 0.692 | I34: 0.1637 | J34: 0.8557 | K34: 0.1133 | L34: 0.969 | M34: 0.031
A35: 2009 | B35: 1 | C35: 0.1691 | D35: 0.3634 | E35: 0.2183 | F35: 0.5817 | G35: 0.1172 | H35: 0.6989 | I35: 0.1685 | J35: 0.8674 | K35: 0.108 | L35: 0.9754 | M35: 0.0246
A36: 2010 | B36: 1 | C36: 0.1788 | D36: 0.3738 | E36: 0.2169 | F36: 0.5907 | G36: 0.1155 | H36: 0.7062 | I36: 0.1649 | J36: 0.8711 | K36: 0.1053 | L36: 0.9764 | M36: 0.0236
A37: 2011 | B37: 1 | C37: 0.1614 | D37: 0.3506 | E37: 0.2143 | F37: 0.5649 | G37: 0.1177 | H37: 0.6826 | I37: 0.1736 | J37: 0.8562 | K37: 0.115 | L37: 0.9711 | M37: 0.0289
A38: 2012 | B38: 1 | C38: 0.186 | D38: 0.3809 | E38: 0.2086 | F38: 0.5895 | G38: 0.1122 | H38: 0.7017 | I38: 0.1625 | J38: 0.8642 | K38: 0.108 | L38: 0.9722 | M38: 0.0278
... A46: 2020 | B46: 1 | C46: 0.220556 | D46: 0.423125 | E46: 0.204293 | F46: 0.627418 | G46: 0.109277 | H46: 0.736695 | I46: 0.148384 | J46: 0.885079 | K46: 0.091696 | L46: 0.976775 | M46: 0.023225
A47: 2021 | B47: 1 | C47: 0.247157 | D47: 0.457818 | E47: =F47-D47 -> 0.198615 | F47: 0.656433 | G47: =H47-F47 -> 0.101665 | H47: 0.758098 | I47: =J47-H47 -> 0.134161 | J47: 0.892259 | K47: =L47-J47 -> 0.084384 | L47: 0.976643 | M47: 0.023357
A48: 2022 | B48: 1 | C48: 0.20583027 | D48: 0.40425861 | E48: 0.20576146 | F48: 0.61002007 | G48: 0.10970059 | H48: 0.71972066 | I48: 0.15199222 | J48: 0.87171288 | K48: 0.098701841 | L48: 0.97041472 | M48: 0.029584807
A49: 2023 | B49: 1 | C49: 0.189957 | D49: 0.38398 | E49: =F49-D49 -> 0.208992 | F49: 0.592972 | G49: =H49-F49 -> 0.112454 | H49: 0.705426 | I49: =J49-H49 -> 0.157663 | J49: 0.863089 | K49: =L49-J49 -> 0.10431 | L49: 0.967399 | M49: 0.032601
A51: Source: IRS, "SOI tax stats - Individual statistical tables by tax rate and income percentile," https://www.irs.gov/statistics/soi-tax-stats-individual-statistical-tables-by-tax-rate-and-income-percentile.

Sheet Figure1
A1: Title | B1: High-Income Taxpayers Paid the Highest Average Income Tax Rates
A2: Subtitle | B2: Average Federal Income Tax Rate by Income Group in 2023
A3: Source | B3: IRS, "SOI Tax Stats - Individual statistical tables by tax rate and income percentile."
A4: Source Link | B4: https://www.irs.gov/statistics/soi-tax-stats-individual-statistical-tables-by-tax-rate-and-income-percentile
B6: Bottom 50% | C6: 50% to 25% | D6: 25% to 10% | E6: 10% to 5% | F6: 5% to 1% | G6: Top 1%
A7: Average income tax rate | B7: 0.037325541 | C7: 0.076851984 | D7: 0.10633932 | E7: 0.14191304 | F7: 0.18673487 | G7: 0.26268212

Sheet Figure2
A1: Title | B1: Half of Taxpayers Paid 97 Percent of Fderal Income Taxes
A2: Subtitle | B2: Shares of Adjusted Gross Income and Federal Income Taxes Paid by Income Group in 2023
A3: Source | B3: IRS, "SOI Tax Stats - Individual statistical tables by tax rate and income percentile."
A4: Source Link | B4: https://www.irs.gov/statistics/soi-tax-stats-individual-statistical-tables-by-tax-rate-and-income-percentile
B6: Bottom 50% | C6: 50% to 25% | D6: 25% to 10% | E6: 10% to 5% | F6: 5% to 1% | G6: Top 1%
A7: Share of Total Adjusted Gross Income | B7: 0.12324953 | C7: 0.19152511 | D7: 0.20921277 | E7: 0.11181685 | F7: 0.15792773 | G7: 0.20626808
A8: Share of Total Income Taxes Paid | B8: 0.032601493 | C8: 0.10431023 | D8: 0.15766241 | E8: 0.11245419 | F8: 0.20899212 | G8: 0.38398003

Sheet Figure3
A1: Title | B1: The Top 1 Percent's Share of Income Taxes Has Increased Over Time
A2: Subtitle | B2: Shares of Federal Income Taxes Paid by Income Group, 2001-2023
A3: Source | B3: IRS, "SOI Tax Stats - Individual statistical tables by tax rate and income percentile."
A4: Source Link | B4: https://www.irs.gov/statistics/soi-tax-stats-individual-statistical-tables-by-tax-rate-and-income-percentile
B6: 2001 | C6: 2002 | D6: 2003 | E6: 2004 | F6: 2005 | G6: 2006 | H6: 2007 | I6: 2008 | J6: 2009 | K6: 2010 | L6: 2011 | M6: 2012 | N6: 2013 | O6: 2014 | P6: 2015 | Q6: 2016 | R6: 2017 | S6: 2018 | T6: 2019 | U6: 2020 | V6: 2021 | W6: 2022 | X6: 2023
A7: Top 1% | B7: 33.219313 | C7: 33.089004 | D7: 33.68763 | E7: 36.28072 | F7: 38.775004 | G7: 39.356629 | H7: 39.809708 | I7: 37.510317 | J7: 36.344075 | K7: 37.382104 | L7: 35.059291 | M7: 38.087458 | N7: 37.803461 | O7: 39.482559 | P7: 39.035085 | Q7: 37.317152 | R7: 38.467217 | S7: 40.081032 | T7: 38.768741 | U7: 42.312513 | V7: 45.781775 | W7: 40.425861 | X7: 38.398003
A8: 1% to 5% | B8: 19.020692 | C8: 19.7727 | D8: 19.856099 | E8: 20.06559 | F8: 20.157284 | G8: 20.136255 | H8: 20.091162 | I8: 20.549759 | J8: 21.824094 | K8: 21.686804 | L8: 21.432497 | M8: 20.862413 | N8: 20.743138 | O8: 20.482924 | P8: 20.542176 | Q8: 20.912655 | R8: 20.669028 | S8: 20.222331 | T8: 20.675877 | U8: 20.4293 | V8: 19.861569 | W8: 20.576146 | X8: 20.899212
A9: 5% to 10% | B9: 11.440101 | C9: 11.765217 | D9: 11.350022 | E9: 10.956753 | F9: 10.523531 | G9: 10.58565 | H9: 10.512181 | I9: 11.143235 | J9: 11.72341 | K9: 11.554622 | L9: 11.768599 | M9: 11.215567 | N9: 11.252517 | O9: 10.91191 | P9: 11.012257 | Q9: 11.243461 | R9: 10.941299 | S9: 11.064864 | T9: 11.365771 | U9: 10.927702 | V9: 10.166473 | W9: 10.970059 | X9: 11.245419
A10: 10% to 25% | B10: 17.880603 | C10: 18.039185 | D10: 17.869953 | E10: 16.521127 | F10: 15.609219 | G10: 15.412695 | H10: 15.295016 | I10: 16.36785 | J10: 16.852387 | K10: 16.486118 | L10: 17.35642 | M10: 16.253551 | N10: 16.473187 | O10: 15.902091 | P10: 16.027848 | Q10: 16.49615 | R10: 16.024328 | S10: 15.60353 | T10: 15.835382 | U10: 14.838348 | V10: 13.416045 | W10: 15.199222 | X10: 15.766241
A11: 25% to 50% | B11: 13.541282 | C11: 13.119522 | D11: 13.165145 | E11: 12.309431 | F11: 11.346763 | G11: 11.100331 | H11: 10.930934 | I11: 11.332217 | J11: 10.80087 | K11: 10.534334 | L11: 11.495044 | M11: 10.803323 | N11: 10.942755 | O11: 10.474403 | P11: 10.554862 | Q11: 10.989646 | R11: 10.789922 | S11: 10.089977 | T11: 10.29005 | U11: 9.1695886 | V11: 8.4384561 | W11: 9.8701841 | X11: 10.431023
A12: Bottom 50% | B12: 4.898009 | C12: 4.2143722 | D12: 4.0711509 | E12: 3.8661385 | F12: 3.5881991 | G12: 3.4084383 | H12: 3.3610883 | I12: 3.0969146 | J12: 2.4551643 | K12: 2.356123 | L12: 2.8879568 | M12: 2.7776887 | N12: 2.7848603 | O12: 2.7459675 | P12: 2.8277723 | Q12: 3.041005 | R12: 3.1082071 | S12: 2.9382663 | T12: 3.0641791 | U12: 2.3225479 | V12: 2.3356816 | W12: 2.9584807 | X12: 3.2601493

Sheet Figure4
A1: Title | B1: Top 1 Percent's Share of AGI Fluctuates with the Business Cycle
A2: Subtitle | B2: Shares of Adjusted Gross Income by Income Group, 2001-2023
A3: Source | B3: IRS, "SOI Tax Stats - Individual statistical tables by tax rate and income percentile."
A4: Source Link | B4: https://www.irs.gov/statistics/soi-tax-stats-individual-statistical-tables-by-tax-rate-and-income-percentile
B6: 2001 | C6: 2002 | D6: 2003 | E6: 2004 | F6: 2005 | G6: 2006 | H6: 2007 | I6: 2008 | J6: 2009 | K6: 2010 | L6: 2011 | M6: 2012 | N6: 2013 | O6: 2014 | P6: 2015 | Q6: 2016 | R6: 2017 | S6: 2018 | T6: 2019 | U6: 2020 | V6: 2021 | W6: 2022 | X6: 2023
A7: Top 1% | B7: 17.411385 | C7: 16.053331 | D7: 16.731834 | E7: 18.98981 | F7: 21.188228 | G7: 22.097369 | H7: 22.860467 | I7: 20.189363 | J7: 17.214524 | K7: 18.870494 | L7: 18.704651 | M7: 21.862353 | N7: 19.037242 | O7: 20.577694 | P7: 20.654486 | Q7: 19.721793 | R7: 21.043743 | S7: 20.927443 | T7: 20.14149 | U7: 22.187277 | V7: 26.303018 | W7: 22.435123 | X7: 20.626808
A8: 1% to 5% | B8: 14.202029 | C8: 14.237796 | D8: 14.254667 | E8: 14.317489 | F8: 14.423878 | G8: 14.521081 | H8: 14.525404 | I8: 14.756711 | J8: 14.969953 | K8: 14.914004 | L8: 15.187561 | M8: 14.977265 | N8: 15.382097 | O8: 15.378513 | P8: 15.416628 | Q8: 15.475259 | R8: 15.485649 | S8: 15.54816 | T8: 15.790353 | U8: 15.91977 | V8: 15.68908 | W8: 15.850492 | X8: 15.792773
A9: 5% to 10% | B9: 10.890405 | C9: 11.036498 | D9: 11.027134 | E9: 10.766429 | F9: 10.555957 | G9: 10.55622 | H9: 10.49464 | I9: 11.030241 | J9: 11.588568 | K9: 11.382962 | L9: 11.49546 | M9: 11.026136 | N9: 11.44707 | O9: 11.253341 | P9: 11.286739 | Q9: 11.367738 | R9: 11.209363 | S9: 11.182412 | T9: 11.371851 | U9: 11.34617 | V9: 10.61893 | W9: 11.078538 | X9: 11.181685
A10: 10% to 25% | B10: 21.803078 | C10: 22.386322 | D10: 22.330377 | E10: 21.604712 | F10: 20.903041 | G10: 20.732042 | H10: 20.531253 | I10: 21.711671 | J10: 22.963998 | K10: 22.383551 | L10: 22.430742 | M10: 21.387224 | N10: 22.229528 | O10: 21.700939 | P10: 21.635534 | Q10: 21.864043 | R10: 21.400073 | S10: 21.255871 | T10: 21.512003 | U10: 21.260148 | V10: 19.481246 | W10: 20.528836 | X10: 20.921277
A11: 25% to 50% | B11: 21.288893 | C11: 21.785981 | D11: 21.524984 | E11: 20.833688 | F11: 19.99335 | G11: 19.675393 | H11: 19.39984 | I11: 20.392649 | J11: 21.381578 | K11: 20.706141 | L11: 20.632478 | M11: 19.643589 | N11: 20.411309 | O11: 19.82 | P11: 19.722103 | Q11: 19.983573 | R11: 19.610351 | S11: 19.48042 | T11: 19.691109 | U11: 19.105518 | V11: 17.508246 | W11: 18.643977 | X11: 19.152511
A12: Bottom 50% | B12: 14.404211 | C12: 14.500055 | D12: 14.131003 | E12: 13.487872 | F12: 12.935545 | G12: 12.417882 | H12: 12.188396 | I12: 11.919366 | J12: 11.881378 | K12: 11.742848 | L12: 11.549108 | M12: 11.103433 | N12: 11.492754 | O12: 11.269513 | P12: 11.28451 | Q12: 11.587594 | R12: 11.250821 | S12: 11.605695 | T12: 11.493194 | U12: 10.181111 | V12: 10.399487 | W12: 11.463033 | X12: 12.324953

Sheet Figure5
A1: Title | B1: Average Tax Rates Remain Lower After TCJA and Pandemic Recession & Relief
A2: Subtitle | B2: Average Tax Rate by Income Group, 2017-2023
A3: Source | B3: IRS, "SOI Tax Stats - Individual statistical tables by tax rate and income percentile."
A4: Source Link | B4: https://www.irs.gov/statistics/soi-tax-stats-individual-statistical-tables-by-tax-rate-and-income-percentile
B6: Bottom 50% | C6: 50% to 25% | D6: 25% to 10% | E6: 10% to 5% | F6: 5% to 1% | G6: Top 1%
A7: 2017 | B7: 4.0450373 | C7: 8.056191 | D7: 10.963806 | E7: 14.291727 | F7: 19.542829 | G7: 26.764834
A8: 2018 | B8: 3.3632399 | C8: 6.8806535 | D8: 9.7517335 | E8: 13.144632 | F8: 17.277865 | G8: 25.442547
A9: 2019 | B9: 3.5419438 | C9: 6.9424945 | D9: 9.7794846 | E9: 13.278103 | F9: 17.395637 | G9: 25.571628
A10: 2020 | B10: 3.1089906 | C10: 6.5409515 | D10: 9.5119412 | E10: 13.125911 | F10: 17.489065 | G10: 25.990505
A11: 2021 | B11: 3.3457693 | C11: 7.1798377 | D11: 10.25893 | E11: 14.262111 | F11: 18.858638 | G11: 25.928734
A12: 2022 | B12: 3.7375976 | C12: 7.6667275 | D12: 10.722113 | E12: 14.340024 | F12: 18.799428 | G12: 26.094811
A13: 2023 | B13: 3.7325541 | C13: 7.6851984 | D13: 10.633932 | E13: 14.191304 | F13: 18.673487 | G13: 26.268212

Sheet TAB41
A1: Table 4.1. All Individual Returns Excluding Dependents: Number of Returns, Shares of Adjusted Gross Income (AGI) and Total Income Tax, AGI Floor on Percentiles in Current and Constant Dollars, and Average Tax Rates, by Selected Expanded Descending Cumulative Percentiles of Returns Based on Income Size Using the Definition of AGI for Each Year, Tax Years 2001-2023
A2: [All figures are estimates based on samples]
A3: Item, tax year | B3: Total | C3: Descending cumulative percentiles
C4: Top 0.001 percent | D4: Top 0.01 percent | E4: Top 0.1 percent | F4: Top 1 percent | G4: Top 2 percent | H4: Top 3 percent | I4: Top 4 percent | J4: Top 5 percent | K4: Top 10 percent | L4: Top 20 percent | M4: Top 25 percent | N4: Top 30 percent | O4: Top 40 percent | P4: Top 50 percent
B6: 1 | C6: 2 | D6: 3 | E6: 4 | F6: 5 | G6: 6 | H6: 7 | I6: 8 | J6: 9 | K6: 10 | L6: 11 | M6: 12 | N6: 13 | O6: 14 | P6: 15
A7: Number of returns:
A8: 2001 | B8: 119370886 | C8: 1194 | D8: 11937 | E8: 119371 | F8: 1193709 | G8: 2387418 | H8: 3581127 | I8: 4774835 | J8: 5968544 | K8: 11937089 | L8: 23874177 | M8: 29842722 | N8: 35811266 | O8: 47748354 | P8: 59685443
A9: 2002 | B9: 119850561 | C9: 1199 | D9: 11985 | E9: 119851 | F9: 1198506 | G9: 2397011 | H9: 3595517 | I9: 4794022 | J9: 5992528 | K9: 11985056 | L9: 23970112 | M9: 29962640 | N9: 35955168 | O9: 47940224 | P9: 59925281
A10: 2003 | B10: 120758947 | C10: 1208 | D10: 12076 | E10: 120759 | F10: 1207589 | G10: 2415179 | H10: 3622768 | I10: 4830358 | J10: 6037947 | K10: 12075895 | L10: 24151789 | M10: 30189737 | N10: 36227684 | O10: 48303579 | P10: 60379474
A11: 2004 | B11: 122509974 | C11: 1225 | D11: 12251 | E11: 122510 | F11: 1225100 | G11: 2450199 | H11: 3675299 | I11: 4900399 | J11: 6125499 | K11: 12250997 | L11: 24501995 | M11: 30627494 | N11: 36752992 | O11: 49003990 | P11: 61254987
A12: 2005 | B12: 124673055 | C12: 1247 | D12: 12467 | E12: 124673 | F12: 1246731 | G12: 2493461 | H12: 3740192 | I12: 4986922 | J12: 6233653 | K12: 12467306 | L12: 24934611 | M12: 31168264 | N12: 37401917 | O12: 49869222 | P12: 62336528
A13: 2006 | B13: 128441165 | C13: 1284 | D13: 12844 | E13: 128441 | F13: 1284412 | G13: 2568823 | H13: 3853235 | I13: 5137647 | J13: 6422058 | K13: 12844117 | L13: 25688233 | M13: 32110291 | N13: 38532350 | O13: 51376466 | P13: 64220583
A14: 2007 | B14: 132654911 | C14: 1327 | D14: 13265 | E14: 132654 | F14: 1326549 | G14: 2653098 | H14: 3979647 | I14: 5306196 | J14: 6632746 | K14: 13265491 | L14: 26530982 | M14: 33163728 | N14: 39796473 | O14: 53061964 | P14: 66327456
A15: 2008 | B15: 132891770 | C15: 1329 | D15: 13289 | E15: 132892 | F15: 1328918 | G15: 2657835 | H15: 3986753 | I15: 5315671 | J15: 6644589 | K15: 13289177 | L15: 26578354 | M15: 33222943 | N15: 39867531 | O15: 53156708 | P15: 66445885
A16: 2009 | B16: 132619936 | C16: 1326 | D16: 13262 | E16: 132620 | F16: 1326199 | G16: 2652399 | H16: 3978598 | I16: 5304797 | J16: 6630997 | K16: 13261994 | L16: 26523987 | M16: 33154984 | N16: 39785981 | O16: 53047974 | P16: 66309968
A17: 2010 | B17: 135033492 | C17: 1350 | D17: 13503 | E17: 135033 | F17: 1350335 | G17: 2700670 | H17: 4051005 | I17: 5401340 | J17: 6751675 | K17: 13503349 | L17: 27006698 | M17: 33758373 | N17: 40510048 | O17: 54013397 | P17: 67516746
A18: 2011 | B18: 136585712 | C18: 1366 | D18: 13659 | E18: 136586 | F18: 1365857 | G18: 2731714 | H18: 4097571 | I18: 5463428 | J18: 6829286 | K18: 13658571 | L18: 27317142 | M18: 34146428 | N18: 40975714 | O18: 54634285 | P18: 68292856
A19: 2012 | B19: 136080353 | C19: 1361 | D19: 13608 | E19: 136080 | F19: 1360804 | G19: 2721607 | H19: 4082411 | I19: 5443214 | J19: 6804018 | K19: 13608035 | L19: 27216071 | M19: 34020088 | N19: 40824106 | O19: 54432141 | P19: 68040177
... A30: 2023 | B30: 153076443 | C30: 1531 | D30: 15308 | E30: 153076 | F30: 1530764 | G30: 3061529 | H30: 4592293 | I30: 6123058 | J30: 7653822 | K30: 15307644 | L30: 30615289 | M30: 38269111 | N30: 45922933 | O30: 61230577 | P30: 76538222
A31: Adjusted gross income floor on percentiles (current whole dollars):
A32: 2001 | B32: N/A | C32: 31331335 | D32: 6869952 | E32: 1393718 | F32: 306635 | G32: 207592 | H32: 167788 | I32: 145667 | J32: 132082 | K32: 96151 | L32: 67818 | M32: 59026 | N32: 51863 | O32: 40293 | P32: 31418
A33: 2002 | B33: N/A | C33: 25921482 | D33: 5891214 | E33: 1245352 | F33: 296194 | G33: 200654 | H33: 164409 | I33: 144575 | J33: 130750 | K33: 95699 | L33: 67928 | M33: 59066 | N33: 51721 | O33: 40073 | P33: 31299
A34: 2003 | B34: N/A | C34: 28489160 | D34: 6386149 | E34: 1317088 | F34: 305939 | G34: 205565 | H34: 168248 | I34: 147132 | J34: 133741 | K34: 97470 | L34: 69304 | M34: 59896 | N34: 52353 | O34: 40383 | P34: 31447
A35: 2004 | B35: N/A | C35: 38780500 | D35: 8455107 | E35: 1617918 | F35: 339993 | G35: 224320 | H35: 181127 | I35: 156665 | J35: 140758 | K35: 101838 | L35: 72069 | M35: 62794 | N35: 54765 | O35: 42081 | P35: 32622
A36: 2005 | B36: N/A | C36: 50796495 | D36: 10738867 | E36: 1938175 | F36: 379261 | G36: 245392 | H36: 194726 | I36: 167281 | J36: 149216 | K36: 106864 | L36: 74790 | M36: 64821 | N36: 56583 | O36: 43361 | P36: 33484
A37: 2006 | B37: N/A | C37: 54665360 | D37: 11649460 | E37: 2124625 | F37: 402603 | G37: 258800 | H37: 205835 | I37: 176455 | J37: 157390 | K37: 112016 | L37: 77776 | M37: 67291 | N37: 58505 | O37: 44748 | P37: 34417
A38: 2007 | B38: N/A | C38: 62955875 | D38: 12747384 | E38: 2251017 | F38: 426439 | G38: 270440 | H38: 214832 | I38: 184473 | J38: 164883 | K38: 116396 | L38: 80723 | M38: 69559 | N38: 60617 | O38: 46200 | P38: 35541
A39: 2008 | B39: N/A | C39: 49546782 | D39: 10097827 | E39: 1867652 | F39: 392513 | G39: 260381 | H39: 209750 | I39: 181624 | J39: 163512 | K39: 116813 | L39: 80886 | M39: 69813 | N39: 60535 | O39: 46120 | P39: 35340
A40: 2009 | B40: N/A | C40: 34381494 | D40: 7206540 | E40: 1469393 | F40: 351968 | G40: 243096 | H40: 198731 | I40: 174432 | J40: 157342 | K40: 114181 | L40: 79237 | M40: 68216 | N40: 58876 | O40: 44529 | P40: 34156
A41: 2010 | B41: N/A | C41: 45039369 | D41: 8762618 | E41: 1634386 | F41: 369691 | G41: 252785 | H41: 205942 | I41: 179023 | J41: 161579 | K41: 116623 | L41: 80462 | M41: 69126 | N41: 59512 | O41: 44895 | P41: 34338
A42: 2011 | B42: N/A | C42: 41965258 | D42: 8830028 | E42: 1717675 | F42: 388905 | G42: 262933 | H42: 213441 | I42: 185812 | J42: 167728 | K42: 120136 | L42: 82241 | M42: 70492 | N42: 60789 | O42: 45722 | P42: 34823
A43: 2012 | B43: N/A | C43: 62068187 | D43: 12104014 | E43: 2161175 | F43: 434682 | G43: 285908 | H43: 227923 | I43: 196416 | J43: 175817 | K43: 125195 | L43: 85440 | M43: 73354 | N43: 63222 | O43: 47475 | P43: 36055
... A54: 2023 | B54: N/A | C54: 78617933 | D54: 16086174 | E54: 3100950 | F54: 675602 | G54: 453137 | H54: 361737 | I54: 307631 | J54: 272209 | K54: 187608 | L54: 123406 | M54: 105604 | N54: 91224 | O54: 69564 | P54: 53801
A55: Adjusted gross income floor on percentiles (constant whole dollars): [1]
A56: 2001 | B56: N/A | C56: 23122756 | D56: 5070075.3 | E56: 1028574.2 | F56: 226298.89 | G56: 153204.43 | H56: 123828.78 | I56: 107503.32 | J56: 97477.491 | K56: 70960.148 | L56: 50050.185 | M56: 43561.624 | N56: 38275.277 | O56: 29736.531 | P56: 23186.716
A57: 2002 | B57: N/A | C57: 18838286 | D57: 4281405.5 | E57: 905052.33 | F57: 215257.27 | G57: 145824.13 | H57: 119483.28 | I57: 105069.04 | J57: 95021.802 | K57: 69548.692 | L57: 49366.279 | M57: 42925.872 | N57: 37587.936 | O57: 29122.82 | P57: 22746.366
A58: 2003 | B58: N/A | C58: 20233778 | D58: 4535617.2 | E58: 935431.82 | F58: 217286.22 | G58: 145997.87 | H58: 119494.32 | I58: 104497.16 | J58: 94986.506 | K58: 69225.852 | L58: 49221.591 | M58: 42539.773 | N58: 37182.528 | O58: 28681.108 | P58: 22334.517
A59: 2004 | B59: N/A | C59: 26837716 | D59: 5851285.1 | E59: 1119666.4 | F59: 235289.27 | G59: 155238.75 | H59: 125347.4 | I59: 108418.69 | J59: 97410.381 | K59: 70476.125 | L59: 49874.74 | M59: 43456.055 | N59: 37899.654 | O59: 29121.799 | P59: 22575.779
A60: 2005 | B60: N/A | C60: 34000331 | D60: 7187996.7 | E60: 1297305.9 | F60: 253856.09 | G60: 164251.67 | H60: 130338.69 | I60: 111968.54 | J60: 99876.841 | K60: 71528.782 | L60: 50060.241 | M60: 43387.55 | N60: 37873.494 | O60: 29023.427 | P60: 22412.316
A61: 2006 | B61: N/A | C61: 35450947 | D61: 7554773 | E61: 1377837.2 | F61: 261091.44 | G61: 167833.98 | H61: 133485.73 | I61: 114432.56 | J61: 102068.74 | K61: 72643.32 | L61: 50438.392 | M61: 43638.781 | N61: 37940.986 | O61: 29019.455 | P61: 22319.715
A62: 2007 | B62: N/A | C62: 39694751 | D62: 8037442.6 | E62: 1419304.5 | F62: 268877.05 | G62: 170517.02 | H62: 135455.23 | I62: 116313.37 | J62: 103961.54 | K62: 73389.66 | L62: 50897.226 | M62: 43858.134 | N62: 38220.05 | O62: 29129.887 | P62: 22409.206
A63: 2008 | B63: N/A | C63: 30083049 | D63: 6131042.5 | E63: 1133972.1 | F63: 238319.98 | G63: 158094.11 | H63: 127352.76 | I63: 110275.65 | J63: 99278.689 | K63: 70924.712 | L63: 49111.111 | M63: 42387.978 | N63: 36754.706 | O63: 28002.429 | P63: 21457.195
A64: 2009 | B64: N/A | C64: 20951550 | D64: 4391553.9 | E64: 895425.35 | F64: 214483.85 | G64: 148138.94 | H64: 121103.6 | I64: 106296.16 | J64: 95881.779 | K64: 69580.134 | L64: 48285.801 | M64: 41569.775 | N64: 35878.123 | O64: 27135.283 | P64: 20814.138
A65: 2010 | B65: N/A | C65: 27002020 | D65: 5253368.1 | E65: 979847.72 | F65: 221637.29 | G65: 151549.76 | H65: 123466.43 | I65: 107327.94 | J65: 96869.904 | K65: 69917.866 | L65: 48238.609 | M65: 41442.446 | N65: 35678.657 | O65: 26915.468 | P65: 20586.331
A66: 2011 | B66: N/A | C66: 24384229 | D66: 5130754.2 | E66: 998067.98 | F66: 225976.18 | G66: 152779.2 | H66: 124021.5 | I66: 107967.46 | J66: 97459.617 | K66: 69805.927 | L66: 47786.752 | M66: 40959.907 | N66: 35321.906 | O66: 26567.112 | P66: 20234.166
A67: 2012 | B67: N/A | C67: 35346348 | D67: 6892946.5 | E67: 1230737.5 | F67: 247541 | G67: 162817.77 | H67: 129796.7 | I67: 111854.21 | J67: 100123.58 | K67: 71295.558 | L67: 48656.036 | M67: 41773.349 | N67: 36003.417 | O67: 27035.877 | P67: 20532.46
... A78: 2023 | B78: N/A | C78: 33727127 | D78: 6900975.5 | E78: 1330308.9 | F78: 289833.55 | G78: 194395.97 | H78: 155185.33 | I78: 131973.83 | J78: 116777.78 | K78: 80483.912 | L78: 52941.227 | M78: 45304.161 | N78: 39135.135 | O78: 29842.986 | P78: 23080.652
A79: Adjusted gross income (millions of dollars):
A80: 2001 | B80: 6116274 | C80: 84705 | D80: 216684 | E80: 492437 | F80: 1064928 | G80: 1360872 | H80: 1582562 | I80: 1768355 | J80: 1933563 | K80: 2599650 | L80: 3555692 | M80: 3933186 | N80: 4263535 | O80: 4810102 | P80: 5235273
A81: 2002 | B81: 5982260 | C81: 68565 | D81: 179420 | E81: 420987 | F81: 960352 | G81: 1247308 | H81: 1463587 | I81: 1647849 | J81: 1812094 | K81: 2472326 | L81: 3431568 | M81: 3811534 | N81: 4143048 | O81: 4689683 | P81: 5114828
A82: 2003 | B82: 6156994 | C82: 83238 | D82: 206010 | E82: 465594 | F82: 1030178 | G82: 1327075 | H82: 1549825 | I82: 1738945 | J82: 1907837 | K82: 2586777 | L82: 3572674 | M82: 3961657 | N82: 4300174 | O82: 4855774 | P82: 5286949
A83: 2004 | B83: 6734554 | C83: 111932 | D83: 280449 | E83: 615494 | F83: 1278879 | G83: 1610803 | H83: 1855778 | I83: 2061398 | J83: 2243098 | K83: 2968169 | L83: 4010897 | M83: 4423150 | N83: 4782507 | O83: 5371578 | P83: 5826206
A84: 2005 | B84: 7365689 | C84: 143370 | D84: 362581 | E84: 783762 | F84: 1560659 | G84: 1932055 | H84: 2202354 | I84: 2426492 | J84: 2623077 | K84: 3400596 | L84: 4506197 | M84: 4940249 | N84: 5317903 | O84: 5936944 | P84: 6412897
A85: 2006 | B85: 7969813 | C85: 170567 | D85: 418573 | E85: 895044 | F85: 1761119 | G85: 2166188 | H85: 2460559 | I85: 2704549 | J85: 2918422 | K85: 3759733 | L85: 4947104 | M85: 5412038 | N85: 5815385 | O85: 6474937 | P85: 6980130
A86: 2007 | B86: 8621963 | C86: 219494 | D86: 503678 | E86: 1030091 | F86: 1971021 | G86: 2411916 | H86: 2729468 | I86: 2992467 | J86: 3223396 | K86: 4128240 | L86: 5401825 | M86: 5898437 | N86: 6329354 | O86: 7032507 | P86: 7571084
A87: 2008 | B87: 8206158 | C87: 173257 | D87: 397957 | E87: 825898 | F87: 1656771 | G87: 2072196 | H87: 2380698 | I87: 2639100 | J87: 2867730 | K87: 3772889 | L87: 5055298 | M87: 5554583 | N87: 5986923 | O87: 6690342 | P87: 7228036
A88: 2009 | B88: 7578641 | C88: 126242 | D88: 281687 | E88: 601504 | F88: 1304627 | G88: 1684139 | H88: 1973637 | I88: 2219853 | J88: 2439146 | K88: 3317402 | L88: 4570256 | M88: 5057761 | N88: 5478063 | O88: 6159780 | P88: 6678194
A89: 2010 | B89: 8039779 | C89: 166727 | D89: 366563 | E89: 742989 | F89: 1517146 | G89: 1922058 | H89: 2228360 | I89: 2486918 | J89: 2716199 | K89: 3631364 | L89: 4927262 | M89: 5430952 | N89: 5864278 | O89: 6564169 | P89: 7095680
A90: 2011 | B90: 8317188 | C90: 144984 | D90: 342338 | E90: 737251 | F90: 1555701 | G90: 1984960 | H90: 2306674 | I90: 2578137 | J90: 2818879 | K90: 3774978 | L90: 5120188 | M90: 5640585 | N90: 6088552 | O90: 6810489 | P90: 7356627
A91: 2012 | B91: 9041744 | C91: 219067 | D91: 501374 | E91: 1017057 | F91: 1976738 | G91: 2446464 | H91: 2791205 | I91: 3078337 | J91: 3330944 | K91: 4327899 | L91: 5722980 | M91: 6261677 | N91: 6725553 | O91: 7473507 | P91: 8037800
... A102: 2023 | B102: 15196869 | C102: 317047 | D102: 719995 | E102: 1528349 | F102: 3134629 | G102: 3966932 | H102: 4582536 | I102: 5092099 | J102: 5534636 | K102: 7233902 | L102: 9539095 | M102: 10413281 | N102: 11165072 | O102: 12385569 | P102: 13323863
A103: Total income tax (millions of dollars): [2]
A104: 2001 | B104: 884931 | C104: 20363 | D104: 57329 | E104: 138735 | F104: 293968 | G104: 358761 | H104: 401189 | I104: 434411 | J104: 462288 | K104: 563525 | L104: 681732 | M104: 721756 | N104: 755307 | O104: 807098 | P104: 841587
A105: 2002 | B105: 794282 | C105: 16728 | D105: 48388 | E105: 119894 | F105: 262820 | G105: 323052 | H105: 362355 | I105: 393407 | J105: 419871 | K105: 513320 | L105: 620746 | M105: 656602 | N105: 687111 | O105: 731873 | P105: 760808
A106: 2003 | B106: 745514 | C106: 17169 | D106: 47192 | E106: 114559 | F106: 251146 | G106: 308878 | H106: 345930 | I106: 374786 | J106: 399176 | K106: 483792 | L106: 582130 | M106: 617015 | N106: 645885 | O106: 688113 | P106: 715163
A107: 2004 | B107: 829096 | C107: 21437 | D107: 59739 | E107: 141937 | F107: 300802 | G107: 367392 | H107: 409259 | I107: 440979 | J107: 467165 | K107: 558007 | L107: 659803 | M107: 694983 | N107: 724830 | O107: 769074 | P107: 797040
A108: 2005 | B108: 931693 | C108: 27171 | D108: 75151 | E108: 176152 | F108: 361264 | G108: 437452 | H108: 485042 | I108: 520483 | J108: 549068 | K108: 647115 | L108: 755252 | M108: 792545 | N108: 823488 | O108: 869272 | P108: 898262
A109: 2006 | B109: 1020438 | C109: 30860 | D109: 83499 | E109: 196358 | F109: 401610 | G109: 485109 | H109: 536823 | I109: 575603 | J109: 607088 | K109: 715108 | L109: 832153 | M109: 872385 | N109: 905569 | O109: 954823 | P109: 985657
A110: 2007 | B110: 1111872 | C110: 38587 | D110: 97979 | E110: 220636 | F110: 442633 | G110: 534150 | H110: 590292 | I110: 631830 | J110: 666021 | K110: 782903 | L110: 909392 | M110: 952964 | N110: 988633 | O110: 1041166 | P110: 1074502
A111: 2008 | B111: 1028669 | C111: 33136 | D111: 83085 | E111: 187200 | F111: 385857 | G111: 470285 | H111: 523500 | I111: 563684 | J111: 597246 | K111: 711873 | L111: 837561 | M111: 880244 | N111: 915035 | O111: 965691 | P111: 996815
A112: 2009 | B112: 863486 | C112: 26328 | D112: 64253 | E112: 146030 | F112: 313826 | G112: 387828 | H112: 435662 | I112: 472299 | J112: 502274 | K112: 603504 | L112: 712700 | M112: 749022 | N112: 777801 | O112: 818789 | P112: 842286
A113: 2010 | B113: 949144 | C113: 31453 | D113: 76390 | E113: 169734 | F113: 354810 | G113: 436043 | H113: 488303 | I113: 528045 | J113: 560649 | K113: 670319 | L113: 787407 | M113: 826796 | N113: 858000 | O113: 901560 | P113: 926782
A114: 2011 | B114: 1042571 | C114: 26488 | D114: 70545 | E114: 168222 | F114: 365518 | G114: 453679 | H114: 510000 | I114: 553220 | J114: 588967 | K114: 711663 | L114: 846579 | M114: 892616 | N114: 929529 | O114: 981800 | P114: 1012460
A115: 2012 | B115: 1184978 | C115: 38563 | D115: 97902 | E115: 220414 | F115: 451328 | G115: 550934 | H115: 613192 | I115: 660121 | J115: 698543 | K115: 831445 | L115: 975377 | M115: 1024046 | N115: 1063388 | O115: 1119368 | P115: 1152063
... A126: 2023 | B126: 2144411 | C126: 74860 | D126: 181738 | E126: 407345 | F126: 823411 | G126: 1000166 | H126: 1113203 | I126: 1200422 | J126: 1271576 | K126: 1512724 | L126: 1771079 | M126: 1850817 | N126: 1916500 | O126: 2014303 | P126: 2074501
A127: Average tax rate (percentage): [3]
A128: 2001 | B128: 14.4685 | C128: 24.0399 | D128: 26.4573 | E128: 28.1733 | F128: 27.6045 | G128: 26.3626 | H128: 25.3506 | I128: 24.5658 | J128: 23.9086 | K128: 21.6769 | L128: 19.173 | M128: 18.3504 | N128: 17.7155 | O128: 16.7792 | P128: 16.0753
A129: 2002 | B129: 13.2773 | C129: 24.397 | D129: 26.9692 | E129: 28.4792 | F129: 27.367 | G129: 25.9 | H129: 24.758 | I129: 23.8739 | J129: 23.1705 | K129: 20.7626 | L129: 18.0893 | M129: 17.2267 | N129: 16.5847 | O129: 15.606 | P129: 14.8745
A130: 2003 | B130: 12.1084 | C130: 20.6263 | D130: 22.9078 | E130: 24.6049 | F130: 24.3789 | G130: 23.2751 | H130: 22.3206 | I130: 21.5525 | J130: 20.923 | K130: 18.7025 | L130: 16.2939 | M130: 15.5747 | N130: 15.02 | O130: 14.171 | P130: 13.527
A131: 2004 | B131: 12.3111 | C131: 19.1522 | D131: 21.3012 | E131: 23.0607 | F131: 23.5208 | G131: 22.808 | H131: 22.0532 | I131: 21.3922 | J131: 20.8268 | K131: 18.7997 | L131: 16.4503 | M131: 15.7124 | N131: 15.1559 | O131: 14.3175 | P131: 13.6803
A132: 2005 | B132: 12.6491 | C132: 18.9517 | D132: 20.7268 | E132: 22.4752 | F132: 23.1482 | G132: 22.6418 | H132: 22.0238 | I132: 21.45 | J132: 20.9322 | K132: 19.0295 | L132: 16.7603 | M132: 16.0426 | N132: 15.4852 | O132: 14.6417 | P132: 14.0071
A133: 2006 | B133: 12.8038 | C133: 18.0927 | D133: 19.9485 | E133: 21.9384 | F133: 22.8042 | G133: 22.3946 | H133: 21.8171 | I133: 21.2828 | J133: 20.8019 | K133: 19.0202 | L133: 16.821 | M133: 16.1193 | N133: 15.572 | O133: 14.7464 | P133: 14.1209
A134: 2007 | B134: 12.8958 | C134: 17.58 | D134: 19.4528 | E134: 21.4191 | F134: 22.457 | G134: 22.1463 | H134: 21.6266 | I134: 21.114 | J134: 20.6621 | K134: 18.9646 | L134: 16.8349 | M134: 16.1562 | N134: 15.6198 | O134: 14.8051 | P134: 14.1922
A135: 2008 | B135: 12.5353 | C135: 19.1252 | D135: 20.8778 | E135: 22.6662 | F135: 23.2897 | G135: 22.695 | H135: 21.9894 | I135: 21.3589 | J135: 20.8264 | K135: 18.8681 | L135: 16.568 | M135: 15.8472 | N135: 15.2839 | O135: 14.4341 | P135: 13.7909
A136: 2009 | B136: 11.3937 | C136: 20.8554 | D136: 22.8102 | E136: 24.2775 | F136: 24.0548 | G136: 23.0283 | H136: 22.0741 | I136: 21.2762 | J136: 20.5922 | K136: 18.1921 | L136: 15.5943 | M136: 14.8094 | N136: 14.1985 | O136: 13.2925 | P136: 12.6125
A137: 2010 | B137: 11.8056 | C137: 18.865 | D137: 20.8394 | E137: 22.8447 | F137: 23.3867 | G137: 22.6863 | H137: 21.9131 | I137: 21.2329 | J137: 20.6409 | K137: 18.4592 | L137: 15.9806 | M137: 15.2238 | N137: 14.631 | O137: 13.7346 | P137: 13.0612
A138: 2011 | B138: 12.5351 | C138: 18.2695 | D138: 20.6067 | E138: 22.8175 | F138: 23.4954 | G138: 22.8558 | H138: 22.1098 | I138: 21.4581 | J138: 20.8937 | K138: 18.8521 | L138: 16.5341 | M138: 15.8249 | N138: 15.2668 | O138: 14.416 | P138: 13.7626
A139: 2012 | B139: 13.1056 | C139: 17.6035 | D139: 19.5269 | E139: 21.6717 | F139: 22.8319 | G139: 22.5196 | H139: 21.9687 | I139: 21.4441 | J139: 20.9713 | K139: 19.2113 | L139: 17.0432 | M139: 16.3542 | N139: 15.8112 | O139: 14.9778 | P139: 14.3331
... A150: 2023 | B150: 14.1109 | C150: 23.6116 | D150: 25.2416 | E150: 26.6526 | F150: 26.2682 | G150: 25.2126 | H150: 24.2923 | I150: 23.5742 | J150: 22.9749 | K150: 20.9116 | L150: 18.5665 | M150: 17.7736 | N150: 17.1651 | O150: 16.2633 | P150: 15.5698
A151: Adjusted gross income share (percentage):
A152: 2001 | B152: 100 | C152: 1.3849 | D152: 3.5427 | E152: 8.0513 | F152: 17.4114 | G152: 22.25 | H152: 25.8746 | I152: 28.9123 | J152: 31.6134 | K152: 42.5038 | L152: 58.1349 | M152: 64.3069 | N152: 69.7081 | O152: 78.6443 | P152: 85.5958
A153: 2002 | B153: 100 | C153: 1.1461 | D153: 2.9992 | E153: 7.0373 | F153: 16.0533 | G153: 20.8501 | H153: 24.4655 | I153: 27.5456 | J153: 30.2911 | K153: 41.3276 | L153: 57.3624 | M153: 63.714 | N153: 69.2556 | O153: 78.3932 | P153: 85.4999
A154: 2003 | B154: 100 | C154: 1.3519 | D154: 3.346 | E154: 7.562 | F154: 16.7318 | G154: 21.554 | H154: 25.1718 | I154: 28.2434 | J154: 30.9865 | K154: 42.0136 | L154: 58.0263 | M154: 64.344 | N154: 69.8421 | O154: 78.866 | P154: 85.869
A155: 2004 | B155: 100 | C155: 1.662 | D155: 4.1643 | E155: 9.1393 | F155: 18.9898 | G155: 23.9185 | H155: 27.5561 | I155: 30.6093 | J155: 33.3073 | K155: 44.0737 | L155: 59.557 | M155: 65.6784 | N155: 71.0145 | O155: 79.7615 | P155: 86.5121
A156: 2005 | B156: 100 | C156: 1.9465 | D156: 4.9226 | E156: 10.6407 | F156: 21.1882 | G156: 26.2305 | H156: 29.9002 | I156: 32.9432 | J156: 35.6121 | K156: 46.1681 | L156: 61.1782 | M156: 67.0711 | N156: 72.1983 | O156: 80.6027 | P156: 87.0645
A157: 2006 | B157: 100 | C157: 2.1402 | D157: 5.252 | E157: 11.2304 | F157: 22.0974 | G157: 27.1799 | H157: 30.8735 | I157: 33.9349 | J157: 36.6185 | K157: 47.1747 | L157: 62.073 | M157: 67.9067 | N157: 72.9676 | O157: 81.2433 | P157: 87.5821
A158: 2007 | B158: 100 | C158: 2.5458 | D158: 5.8418 | E158: 11.9473 | F158: 22.8605 | G158: 27.9741 | H158: 31.6572 | I158: 34.7075 | J158: 37.3859 | K158: 47.8805 | L158: 62.6519 | M158: 68.4118 | N158: 73.4097 | O158: 81.565 | P158: 87.8116
A159: 2008 | B159: 100 | C159: 2.1113 | D159: 4.8495 | E159: 10.0644 | F159: 20.1894 | G159: 25.2517 | H159: 29.0111 | I159: 32.16 | J159: 34.9461 | K159: 45.9763 | L159: 61.6037 | M159: 67.688 | N159: 72.9565 | O159: 81.5283 | P159: 88.0806
A160: 2009 | B160: 100 | C160: 1.6658 | D160: 3.7169 | E160: 7.9368 | F160: 17.2145 | G160: 22.2222 | H160: 26.0421 | I160: 29.2909 | J160: 32.1845 | K160: 43.773 | L160: 60.3044 | M160: 66.737 | N160: 72.2829 | O160: 81.2782 | P160: 88.1186
A161: 2010 | B161: 100 | C161: 2.0738 | D161: 4.5594 | E161: 9.2414 | F161: 18.8705 | G161: 23.9068 | H161: 27.7167 | I161: 30.9327 | J161: 33.7845 | K161: 45.1675 | L161: 61.286 | M161: 67.551 | N161: 72.9408 | O161: 81.6461 | P161: 88.2572
...

Sheet TAB42
A1: Table 4.2. All Individual Returns Excluding Dependents: Number of Returns, Shares of Adjusted Gross Income (AGI) and Total Income Tax, and Average Tax Rates, by Selected Ascending Cumulative Percentiles of Returns Based on Income Size Using the Definition of AGI for Each Year, Tax Years 2001-2023
A2: [All figures are estimates based on samples]
A3: Item, tax year | B3: Total | C3: Ascending cumulative percentiles
C4: Bottom 50 percent | D4: Bottom 75 percent | E4: Bottom 90 percent | F4: Bottom 95 percent | G4: Bottom 99 percent
B6: 1 | C6: 2 | D6: 3 | E6: 4 | F6: 5 | G6: 6
A7: Number of returns:
A8: 2001 | B8: 119370886 | C8: 59685443 | D8: 89528165 | E8: 107433797 | F8: 113402342 | G8: 118177177
A9: 2002 | B9: 119850561 | C9: 59925281 | D9: 89887921 | E9: 107865505 | F9: 113858033 | G9: 118652055
A10: 2003 | B10: 120758947 | C10: 60379474 | D10: 90569210 | E10: 108683052 | F10: 114721000 | G10: 119551358
A11: 2004 | B11: 122509974 | C11: 61254987 | D11: 91882481 | E11: 110258977 | F11: 116384475 | G11: 121284874
A12: 2005 | B12: 124673055 | C12: 62336528 | D12: 93504791 | E12: 112205750 | F12: 118439402 | G12: 123426324
A13: 2006 | B13: 128441165 | C13: 64220583 | D13: 96330874 | E13: 115597049 | F13: 122019107 | G13: 127156753
A14: 2007 | B14: 132654911 | C14: 66327456 | D14: 99491183 | E14: 119389420 | F14: 126022165 | G14: 131328362
A15: 2008 | B15: 132891770 | C15: 66445885 | D15: 99668828 | E15: 119602593 | F15: 126247182 | G15: 131562852
A16: 2009 | B16: 132619936 | C16: 66309968 | D16: 99464952 | E16: 119357942 | F16: 125988939 | G16: 131293737
A17: 2010 | B17: 135033492 | C17: 67516746 | D17: 101275119 | E17: 121530143 | F17: 128281817 | G17: 133683157
A18: 2011 | B18: 136585712 | C18: 68292856 | D18: 102439284 | E18: 122927141 | F18: 129756426 | G18: 135219855
A19: 2012 | B19: 136080353 | C19: 68040177 | D19: 102060265 | E19: 122472318 | F19: 129276335 | G19: 134719549
... A30: 2023 | B30: 153076443 | C30: 76538222 | D30: 114807332 | E30: 137768799 | F30: 145422621 | G30: 151545679
A31: Adjusted gross income (millions of dollars):
A32: 2001 | B32: 6116274 | C32: 881001 | D32: 2183088 | E32: 3516624 | F32: 4182711 | G32: 5051346
A33: 2002 | B33: 5982260 | C33: 867431 | D33: 2170726 | E33: 3509933 | F33: 4170166 | G33: 5021907
A34: 2003 | B34: 6156994 | C34: 870045 | D34: 2195336 | E34: 3570217 | F34: 4249157 | G34: 5126816
A35: 2004 | B35: 6734554 | C35: 908348 | D35: 2311404 | E35: 3766385 | F35: 4491456 | G35: 5455674
A36: 2005 | B36: 7365689 | C36: 952792 | D36: 2425440 | E36: 3965094 | F36: 4742612 | G36: 5805030
A37: 2006 | B37: 7969813 | C37: 989682 | D37: 2557775 | E37: 4210079 | F37: 5051390 | G37: 6208693
A38: 2007 | B38: 8621963 | C38: 1050879 | D38: 2723525 | E38: 4493722 | F38: 5398566 | G38: 6650942
A39: 2008 | B39: 8206158 | C39: 978122 | D39: 2651575 | E39: 4433269 | F39: 5338428 | G39: 6549387
A40: 2009 | B40: 7578641 | C40: 900447 | D40: 2520880 | E40: 4261239 | F40: 5139495 | G40: 6274014
A41: 2010 | B41: 8039779 | C41: 944099 | D41: 2608826 | E41: 4408415 | F41: 5323580 | G41: 6522633
A42: 2011 | B42: 8317188 | C42: 960561 | D42: 2676602 | E42: 4542210 | F42: 5498309 | G42: 6761487
A43: 2012 | B43: 9041744 | C43: 1003944 | D43: 2780067 | E43: 4713845 | F43: 5710800 | G43: 7065006
... A54: 2023 | B54: 15196869 | C54: 1873007 | D54: 4783588 | E54: 7962967 | F54: 9662234 | G54: 12062240
A55: Total income tax (millions of dollars): [1]
A56: 2001 | B56: 884931 | C56: 43344 | D56: 163175 | E56: 321406 | F56: 422643 | G56: 590963
A57: 2002 | B57: 794282 | C57: 33474 | D57: 137679 | E57: 280962 | F57: 374411 | G57: 531462
A58: 2003 | B58: 745514 | C58: 30351 | D58: 128499 | E58: 261722 | F58: 346338 | G58: 494368
A59: 2004 | B59: 829096 | C59: 32054 | D59: 134114 | E59: 271089 | F59: 361932 | G59: 528294
A60: 2005 | B60: 931693 | C60: 33431 | D60: 139143 | E60: 284578 | F60: 382625 | G60: 570430
A61: 2006 | B61: 1020438 | C61: 34781 | D61: 148053 | E61: 305330 | F61: 413350 | G61: 618828
A62: 2007 | B62: 1111872 | C62: 37371 | D62: 158909 | E62: 328969 | F62: 445851 | G62: 669239
A63: 2008 | B63: 1028669 | C63: 31857 | D63: 148425 | E63: 316797 | F63: 431423 | G63: 642812
A64: 2009 | B64: 863486 | C64: 21200 | D64: 114465 | E64: 259982 | F64: 361213 | G64: 549660
A65: 2010 | B65: 949144 | C65: 22363 | D65: 122347 | E65: 278824 | F65: 388495 | G65: 594333
A66: 2011 | B66: 1042571 | C66: 30109 | D66: 149953 | E66: 330907 | F66: 453605 | G66: 677052
A67: 2012 | B67: 1184978 | C67: 32915 | D67: 160934 | E67: 353533 | F67: 486435 | G67: 733650
... A78: 2023 | B78: 2144411 | C78: 69911 | D78: 293595 | E78: 631687 | F78: 872835 | G78: 1320999
A79: Average tax rate (percentage): [2]
A80: 2001 | B80: 14.4685 | C80: 4.9199 | D80: 7.4745 | E80: 9.1396 | F80: 10.1045 | G80: 11.6991
A81: 2002 | B81: 13.2773 | C81: 3.859 | D81: 6.3426 | E81: 8.0048 | F81: 8.9783 | G81: 10.5829
A82: 2003 | B82: 12.1084 | C82: 3.4884 | D82: 5.8533 | E82: 7.3307 | F82: 8.1507 | G82: 9.6428
A83: 2004 | B83: 12.3111 | C83: 3.5288 | D83: 5.8023 | E83: 7.1976 | F83: 8.0582 | G83: 9.6834
A84: 2005 | B84: 12.6491 | C84: 3.5087 | D84: 5.7368 | E84: 7.1771 | F84: 8.0678 | G84: 9.8265
A85: 2006 | B85: 12.8038 | C85: 3.5144 | D85: 5.7883 | E85: 7.2524 | F85: 8.1829 | G85: 9.9671
A86: 2007 | B86: 12.8958 | C86: 3.5562 | D86: 5.8347 | E86: 7.3206 | F86: 8.2587 | G86: 10.0623
A87: 2008 | B87: 12.5353 | C87: 3.2569 | D87: 5.5976 | E87: 7.1459 | F87: 8.0815 | G87: 9.8148
A88: 2009 | B88: 11.3937 | C88: 2.3544 | D88: 4.5407 | E88: 6.1011 | F88: 7.0282 | G88: 8.7609
A89: 2010 | B89: 11.8056 | C89: 2.3687 | D89: 4.6897 | E89: 6.3248 | F89: 7.2976 | G89: 9.1119
A90: 2011 | B90: 12.5351 | C90: 3.1346 | D90: 5.6024 | E90: 7.2852 | F90: 8.2499 | G90: 10.0134
A91: 2012 | B91: 13.1056 | C91: 3.2785 | D91: 5.7889 | E91: 7.4999 | F91: 8.5178 | G91: 10.3843
... A102: 2023 | B102: 14.1109 | C102: 3.7325 | D102: 6.1375 | E102: 7.9328 | F102: 9.0335 | G102: 10.9515
A103: Adjusted gross income share (percentage):
A104: 2001 | B104: 100 | C104: 14.4042 | D104: 35.6931 | E104: 57.4962 | F104: 68.3866 | G104: 82.5886
A105: 2002 | B105: 100 | C105: 14.5001 | D105: 36.286 | E105: 58.6724 | F105: 69.7089 | G105: 83.9467
A106: 2003 | B106: 100 | C106: 14.131 | D106: 35.656 | E106: 57.9864 | F106: 69.0135 | G106: 83.2682
A107: 2004 | B107: 100 | C107: 13.4879 | D107: 34.3216 | E107: 55.9263 | F107: 66.6927 | G107: 81.0102
A108: 2005 | B108: 100 | C108: 12.9355 | D108: 32.9289 | E108: 53.8319 | F108: 64.3879 | G108: 78.8118
A109: 2006 | B109: 100 | C109: 12.4179 | D109: 32.0933 | E109: 52.8253 | F109: 63.3815 | G109: 77.9026
A110: 2007 | B110: 100 | C110: 12.1884 | D110: 31.5882 | E110: 52.1195 | F110: 62.6141 | G110: 77.1395
A111: 2008 | B111: 100 | C111: 11.9194 | D111: 32.312 | E111: 54.0237 | F111: 65.0539 | G111: 79.8106
A112: 2009 | B112: 100 | C112: 11.8814 | D112: 33.263 | E112: 56.227 | F112: 67.8155 | G112: 82.7855
A113: 2010 | B113: 100 | C113: 11.7428 | D113: 32.449 | E113: 54.8325 | F113: 66.2155 | G113: 81.1295
A114: 2011 | B114: 100 | C114: 11.5491 | D114: 32.1816 | E114: 54.6123 | F114: 66.1078 | G114: 81.2953
A115: 2012 | B115: 100 | C115: 11.1034 | D115: 30.747 | E115: 52.1342 | F115: 63.1604 | G115: 78.1376
... A126: 2023 | B126: 100 | C126: 12.325 | D126: 31.4775 | E126: 52.3987 | F126: 63.5804 | G126: 79.3732
A127: Total income tax share (percentage) [1]:
A128: 2001 | B128: 100 | C128: 4.898 | D128: 18.4393 | E128: 36.3199 | F128: 47.76 | G128: 66.7807
A129: 2002 | B129: 100 | C129: 4.2144 | D129: 17.3338 | E129: 35.3731 | F129: 47.1383 | G129: 66.911
A130: 2003 | B130: 100 | C130: 4.0711 | D130: 17.2362 | E130: 35.1063 | F130: 46.4562 | G130: 66.3123
A131: 2004 | B131: 100 | C131: 3.8661 | D131: 16.1759 | E131: 32.6969 | F131: 43.6537 | G131: 63.7193
A132: 2005 | B132: 100 | C132: 3.5882 | D132: 14.9344 | E132: 30.5442 | F132: 41.0677 | G132: 61.225
A133: 2006 | B133: 100 | C133: 3.4085 | D133: 14.5088 | E133: 29.9215 | F133: 40.5071 | G133: 60.6434
A134: 2007 | B134: 100 | C134: 3.3611 | D134: 14.292 | E134: 29.587 | F134: 40.0992 | G134: 60.1903
A135: 2008 | B135: 100 | C135: 3.0969 | D135: 14.4288 | E135: 30.7967 | F135: 41.94 | G135: 62.4897
A136: 2009 | B136: 100 | C136: 2.4552 | D136: 13.2561 | E136: 30.1084 | F136: 41.8319 | G136: 63.6559
A137: 2010 | B137: 100 | C137: 2.3561 | D137: 12.8903 | E137: 29.3764 | F137: 40.9311 | G137: 62.6178
A138: 2011 | B138: 100 | C138: 2.888 | D138: 14.383 | E138: 31.7396 | F138: 43.5083 | G138: 64.9407
A139: 2012 | B139: 100 | C139: 2.7777 | D139: 13.5812 | E139: 29.8346 | F139: 41.0501 | G139: 61.9125
... A150: 2023 | B150: 100 | C150: 3.2601 | D150: 13.6912 | E150: 29.4574 | F150: 40.7028 | G150: 61.602
A151: N/A-- Not applicable.
A152: [1] Total income tax was the sum of income tax after credits (including the subtraction of excess advance premium tax credit repayment, the earned income credit, American opportunity credit, qualified sick and family leave credit, regulated investment interest credit, and the elective payment election) limited to zero plus net investment income tax from Form 8960 and the tax from Form 4970, Tax on Accumulation Distribution of Trusts. It does not include any refundable portions of these credits.
A153: [2] The average tax rate was computed by dividing total income tax (see footnote 1) by adjusted gross income.
A154: [3] The total number of returns does not include the returns filed by individuals to only receive the economic stimulus payment and who had no other reason to file.
A155: SOURCE: IRS, Statistics of Income Division, Publication 1304, March 2026
